 Dungeon Crawl Stone Soup version 0.17-a0-1384-gaabe8e5 (webtiles) character file.

10540670 LightningNZ the Conqueror (level 27, 199/199 HPs)
             Began as a Gargoyle Fighter on June 6, 2015.
             Was the Champion of the Shining One.
             Escaped with the Orb
             ... and 15 runes on June 15, 2015!
             The game lasted 1 day 02:09:32 (166093 turns).

LightningNZ the Conqueror (Gargoyle Fighter)  Turns: 166093, Time: 1 , 02:09:32

Health: 199/199    AC: 78    Str: 41    XL:     27
Magic:  48/48      EV: 35    Int: 18    God:    the Shining One [******]
Gold:   20702      SH: 23    Dex: 20    Spells: 0 memorised, 80 levels left

rFire  + + .     SeeInvis .     N - +9 broad axe (holy)
rCold  + + .     Clarity  .     G - +17 storm dragon armour "Orocvuaf" {rElec Str+7 Int+4}
rNeg   + + +     SustAt   .     D - +2 shield of Resistance {rF+ rC+ MR+}
rPois  ∞         Gourm    .     F - +4 hat "Fysiryeq" {Str+3}
rElec  +         Spirit   .     J - +2 cloak of Hadjma {Regen+ rCorr}
rCorr  +         Warding  .     l - +3 pair of gauntlets of War {Slay+5}
rMut   +         Stasis   .     p - +2 pair of boots {run}
MR     +++..                    f - amulet of the Voivode {rMut rPois Str+4}
Stlth  +.........               Y - ring of the Octopus King {rF+ AC+1 EV+1 Str+1 Int+1 Dex+1}
                                T - ring "Dirrajeyss" {rC+ Int+3 Dex+4}

@: glowing, quick, extremely resistant to hostile enchantments, very unstealthy
A: big wings, repulsion field 1, low mp 1, negative energy resistance 1,
electricity resistance, unbreathing, petrification resistance, rot immunity, AC
+20
a: Fly, Divine Shield, Cleansing Flame, Summon Divine Warrior, Renounce Religion
0: Orb of Zot
}: 15/15 runes: serpentine, barnacled, slimy, silver, golden, iron, obsidian,
icy, bone, abyssal, demonic, glowing, magical, fiery, dark


You escaped.
You worshipped the Shining One.
The Shining One was exalted by your worship.
You were not hungry.

You visited 18 branches of the dungeon, and saw 95 of its levels.
You visited Pandemonium 1 time, and saw 31 of its levels.
You visited the Abyss 5 times.
You visited 2 bazaars.
You visited 5 ziggurats (completing 1), and saw 78 of their levels.
You also visited: Trove, Bailey, Ice Cave, Volcano and Wizlab.

You collected 29254 gold pieces.
You spent 8552 gold pieces at shops.

Inventory:

Hand weapons
 d - the +8 broad axe of Okawaru's Hatred {speed, rC+}
   (Okawaru gifted it to you on level 2 of the Vaults)

   Attacks with this weapon are significantly faster.
   It protects you from cold.
 L - a +9 broad axe of flaming
 M - a +9 war axe of freezing
 N - a +9 broad axe of holy wrath (weapon)
 Z - the +18 lance "Wyrmbane" {slay drac, +Rage rPois rF+ AC+5}
   (You found it on level 12 of a ziggurat)

   It affects your AC (+5).
   It protects you from fire.
   It protects you from poison.
   It lets you go berserk.
Missiles
 a - 69 javelins of penetration (quivered)
Armour
 l - the +3 pair of gauntlets of War (worn) {Slay+5}
   (You found it on level 4 of the Shoals)

   It affects your accuracy and damage with ranged weapons and melee attacks
   (+5).
 p - a +2 pair of boots of running (worn)
 D - the +2 shield of Resistance (worn) {rF+ rC+ MR+}
   (You found it on level 8 of a ziggurat)

   It protects you from fire.
   It protects you from cold.
   It affects your resistance to hostile enchantments.
 F - the +4 hat "Fysiryeq" (worn) {Str+3}
   (Okawaru gifted it to you on level 4 of the Vaults)

   It affects your strength (+3).
 G - the +17 storm dragon armour "Orocvuaf" (worn) {rElec Str+7 Int+4}
   (You found it on level 3 of the Elven Halls)

   It affects your strength (+7).
   It affects your intelligence (+4).
   It insulates you from electricity.
 J - the +2 cloak of Hadjma (worn) {Regen+ rCorr}
   (You found it on level 8 of a ziggurat)

   It increases your rate of regeneration.
   It protects you from acid and corrosion.
 K - the +0 shield "Exkenica" {rCorr Str+2 Int+4}
   (You acquired it on level 11 of the Dungeon)

   It affects your strength (+2).
   It affects your intelligence (+4).
   It protects you from acid and corrosion.
 X - the +8 large shield of the First Snow {+Blink Int-4 Dex+4 SInv}
   (You acquired it on level 15 of a ziggurat)

   It affects your intelligence (-4).
   It affects your dexterity (+4).
   It lets you see invisible.
   It lets you blink.
Jewellery
 f - the amulet of the Voivode (around neck) {rMut rPois Str+4}
   (You found it on level 7 of a ziggurat)

   [amulet of resist mutation]

   It protects you from mutation.
   It affects your strength (+4).
   It protects you from poison.
 y - the ring "Apooc" {+Fly rC+ Str+6}
   (You found it on level 11 of a ziggurat)

   [ring of flight]

   It affects your strength (+6).
   It protects you from cold.
   It lets you fly.
 z - the amulet of the Four Winds {Clar rN+ MR+++}
   (You found it on level 13 of a ziggurat)

   [amulet of clarity]

   It provides mental clarity.
   It protects you from negative energy.
   It affects your resistance to hostile enchantments.
 T - the ring "Dirrajeyss" (left hand) {rC+ Int+3 Dex+4}
   (You found it on level 7 of Tartarus)

   [ring of protection from cold]

   It affects your intelligence (+3).
   It affects your dexterity (+4).
   It protects you from cold.
 Y - a ring of the Octopus King (right hand) {rF+ AC+1 EV+1 Str+1 Int+1 Dex+1}
   (You found it on level 8 of the Lair of Beasts)

   [ring of protection from fire]

   It affects your AC (+1).
   It affects your evasion (+1).
   It affects your strength (+1).
   It affects your intelligence (+1).
   It affects your dexterity (+1).
   It protects you from fire.
Magical devices
 h - a wand of teleportation (5)
 m - a wand of hasting (7)
 o - a wand of cold (11)
 u - a wand of heal wounds (8)
 H - a wand of disintegration (2)
 O - a wand of hasting (6)
 R - a wand of digging (0)
Scrolls
 b - 53 scrolls of teleportation
 c - 14 scrolls of immolation
 n - 23 scrolls of magic mapping
 r - 13 scrolls of blinking
 v - 48 scrolls of identify
 A - 12 scrolls of recharging
 I - 12 scrolls of holy word
 P - 5 scrolls of summoning
 V - 62 scrolls of remove curse
Potions
 i - 8 potions of berserk rage
 j - 9 potions of resistance
 t - 35 potions of curing
 x - 32 potions of cure mutation
 B - 7 potions of magic
 S - 8 potions of might
 U - 4 potions of haste
 W - 9 potions of agility
Miscellaneous
 g - a disc of storms
 q - 7 phantom mirrors
 s - a lamp of fire
 w - a phial of floods
 C - a fan of gales
 E - a stone of tremors
Comestibles
 e - 52 bread rations
 k - 67 meat rations


   Skills:
 O Level 27 Fighting
   Level 14.1 Long Blades
 O Level 27 Axes
   Level 2.1(20.2) Maces & Flails
 O Level 27 Polearms
 O Level 27 Throwing
 O Level 27 Armour
 O Level 27 Dodging
 O Level 27 Stealth
 O Level 27 Shields
 + Level 11.8 Unarmed Combat
 O Level 27 Spellcasting
 O Level 27 Invocations
 O Level 27 Evocations


You had 80 spell levels left.
You didn't know any spells.

Dungeon Overview and Level Annotations

Branches:
Dungeon (15/15)            Temple (1/1) D:5            Lair (8/8) D:8
 Shoals (4/4) Lair:4        Snake (4/4) Lair:4        Slime (6/6) Lair:6
    Orc (4/4) D:12            Elf (3/3) Orc:3        Vaults (5/5) D:13
  Crypt (3/3) Vaults:3       Tomb (3/3) Crypt:3      Depths (5/5) D:15
   Hell (1/1)                 Dis (7/7) Hell            Geh (7/7) Hell
    Coc (7/7) Hell            Tar (7/7) Hell            Zot (5/5) Depths:5

Altars:
Ashenzari
Cheibriados
Dithmenos
Elyvilon
Fedhas
Gozag
Kikubaaqudgha
Makhleb
Nemelex Xobeh
Okawaru
Qazlal
Ru
Sif Muna
Trog
Vehumet
Xom
Yredelemnul
Zin
The Shining One
Beogh
Jiyva

Shops:
D:9 }[   D:12 *   D:14 =   Orc:1 ?   Orc:2 =*:   Orc:4 }=?[   Elf:2 *
Shoals:4 (   Vaults:3 (   Depths:1 *?:*   Depths:2 ![*

Portals:
Hell: Depths:1 Depths:2 Depths:3 Depths:4 Depths:5
Abyss: Depths:1 Depths:4
Pandemonium: Depths:3

Annotations:
Depths:5 6 exclusions


Innate Abilities, Weirdness & Mutations

You are resistant to torment.
Your stone body is resilient (AC +20).
You are immune to poison.
Your large and strong wings let you fly indefinitely.
You resist negative energy.
You are resistant to electric shocks.
You can survive without breathing.
You are immune to petrification.
You are immune to rotting.
You are surrounded by a mild repulsion field (EV +2).
Your magical capacity is low (-10% MP).


Message History

There is a stone staircase leading down here.
An Ice Fiend comes into view.
The Ice Fiend gestures at you. The bolt of cold hits you!
There is a stone staircase leading up here.
You climb upwards.
There is a stone staircase leading down here.
There is a stone staircase leading up here.
You climb upwards.
There is a stone staircase leading down here.
There is a stone staircase leading up here.
You climb upwards.
There is a stone staircase leading down here.
There's nothing to close nearby.
Evoke which item? (* to show all) (? for menu, Esc to quit)
Zapping:
R - a wand of digging (1)
Press: ? - help, Shift-Dir - straight line The rock shatters into small pieces.
This wand has 0 charges left.
There is a staircase leading out of the dungeon here.
You have escaped!

......##.....#.#.#..###
#.#.....#
......###...#####.....#
#.#.....# ...†.####...#
##.##.####.#.....#
#......##...#
#.###..#..#......#
##.###...####
#.####)..#.#.#.### #.#
###...#####..# #.##.##......
#.#######....###.#
#.#.#####.### #....#
###.###.###..### #..## ####.#
#..#@..#...'.## #...#
#.########.###....###.###.#.)
#......# #.# ##.#######......
######.###.# #.# #.##.#.###
#.##..##.####.# #.##.#.#
#.....##)#...## ##.#...# #
###...##.##########'#..#### #
##(.....)#............).... #
#........#...........(.....


There were no monsters in sight!

Vanquished Creatures
  Cerebov (Pan)
  Antaeus (Coc:7)
  Asmodeus (Geh:7)
  the royal jelly (Slime:6)
  Ereshkigal (Tar:7)
  Ignacio (Pan)
  Gloorx Vloq (Pan)
  the Serpent of Hell (Tar:7)
  A seraph (Pan)
  Mnoleg (Pan)
  Lom Lobon (Pan)
  69 pandemonium lords
  Dispater (Dis:7)
  The ghost of Sixotanaka the Meteorologist, a legendary TeAE of Vehumet (Zig:17)
  Khufu (Crypt:2)
  5 orbs of fire
  Mara (Crypt:2)
  16 ancient liches
  52 greater mummies
  Sojobo (Tomb:3)
  Boris (Depths:5)
  29 shard shrikes
  Frederick (Tomb:2)
  Margery (Crypt:2)
  Saint Roka (Snake:2)
  7 curse toes
  2 caustic shrikes (shapeshifter)
  Geryon (Hell)
  40 Killer Klowns
  16 golden dragons
  2 golden dragons (shapeshifter)
  Xtahua (Crypt:1)
  2 pearl dragons (Pan)
  23 bone dragons
  3 profane servitors
  41 Brimstone Fiends
  4 electric golems
  50 Ice Fiends
  A hellephant (Abyss:1)
  Rupert (Lair:4)
  28 tentacled monstrosities
  25 Orb Guardians (Zot:5)
  Asterion (Elf:3)
  20 liches
  4 quicksilver dragons
  35 Hell Sentinels
  2 quicksilver dragons (shapeshifter)
  28 deep elf master archers
  25 titans
  11 deep elf blademasters
  56 Shadow Fiends
  An acid blob (shapeshifter) (Zig:7)
  Murray (Hell)
  17 acid blobs
  21 sphinxes
  36 tentacled starspawn
  An octopode crusher (Zig:2)
  13 ancient champions
  4 thorn hunters
  41 Executioners
  2 shadow dragons (shapeshifter)
  11 eldritch tentacles
  The ghost of Geeful the Unseen, a mighty DsAK of Lugonu (Vaults:1)
  Agnes (D:15)
  13 tengu reavers
  3 sphinxes (shapeshifter)
  Kirke (D:13)
  2 azure jellies (shapeshifter)
  23 storm dragons
  10 shadow dragons
  11 revenants
  41 greater nagas
  A storm dragon (shapeshifter) (Zig:13)
  18 draconian monks
  11 azure jellies
  17 daevas
  Ilsuiw (Shoals:4)
  21 frost giants
  34 fire giants
  10 deep elf sorcerers
  21 iron dragons
  A fire giant (shapeshifter) (Zig:13)
  17 draconian scorchers
  12 ghost moths
  60 cacodemons
  22 warmongers
  2 frost giants (shapeshifter)
  45 balrugs
  15 draconian knights
  28 vault wardens
  11 draconian zealots
  Aizul (Shoals:3)
  An iron dragon (shapeshifter) (Zig:23)
  7 caustic shrike zombies
  10 curse skulls
  27 draconian shifters
  5 spriggan defenders
  13 orc warlords
  162 reapers
  25 angels
  19 draconian annihilators
  5 ghouls
  25 ironheart preservers
  6 elemental wellsprings
  70 very ugly things
  5 war gargoyles
  3 caustic shrike skeletons
  16 ophanim (Pan)
  8 vampire knights
  65 stone giants
  28 chaos champions
  A stone giant (shapeshifter) (Zig:16)
  25 apis (Pan)
  14 salamander firebrands
  Nessos (D:13)
  17 red draconians
  22 green draconians
  15 black draconians
  19 draconian callers
  13 deep elf demonologists
  16 deep elf annihilators
  Azrael (D:14)
  24 corrupters
  20 lorocyprocas
  4 dire elephants (Zig:7)
  8 bennus
  21 mottled draconians
  12 white draconians
  3 dire elephants (shapeshifter)
  9 yellow draconians
  17 black suns
  76 blizzard demons
  9 purple draconians
  18 eidola
  The ghost of Shenaniganizer the Unseen, a powerful SpEn of Sif Muna (Lair:8)
  7 blood saints
  28 ettins
  14 merfolk javelineers
  43 green deaths
  2 pearl dragon zombies (Depths:1)
  12 deep elf death magi
  17 jiangshi
  6 merfolk impalers
  3 crystal guardians
  6 deep elf high priests
  32 yaktaur captains
  45 mummy priests
  30 fire dragons
  9 quicksilver dragon zombies
  4 kraken zombies
  12 death oozes
  An ettin (shapeshifter) (Zig:10)
  A spectral kraken (Tar:7)
  43 vault guards
  7 entropy weavers
  17 death cobs
  46 ice dragons
  8 quicksilver dragon skeletons
  24 hell beasts
  7 spriggan air magi
  Erolcha (D:13)
  30 naga warriors
  48 hydras
  11 rakshasas
  21 anacondas
  12 great orbs of eyes
  A ghost crab (shapeshifter) (Zig:23)
  9 ghost crabs
  21 centaur warriors
  A spectral sphinx (Zig:4)
  An alligator snapping turtle (shapeshifter) (Zig:22)
  2 catoblepae (Zig:7)
  2 alligator snapping turtles
  30 monstrous demonspawn
  2 anacondas (shapeshifter)
  8 merfolk aquamancers
  5 satyrs
  2 merfolk avatars
  A catoblepas (shapeshifter) (Zig:15)
  15 ogre magi
  5 salamander stormcallers
  5 death knights
  2 death yaks (Zig:7)
  8 deep troll shamans
  An alligator (shapeshifter) (Zig:23)
  16 deep troll earth magi
  15 alligators
  19 dancing weapons
  5 tengu warriors
  16 titan zombies
  49 naga sharpshooters
  4 spriggan berserkers
  26 thrashing horrors
  73 sun demons
  10 orc high priests
  6 holy swine (Pan)
  46 shock serpents
  35 hell hogs
  14 vampire magi
  33 deep elf knights
  15 iron golems
  64 soul eaters
  16 storm dragon zombies
  Sonja (Orc:3)
  89 ice devils
  2 fire crabs
  28 wretched stars
  12 titan skeletons
  260 skeletal warriors
  5 shadow wraiths
  68 hell knights
  A death drake (shapeshifter) (Zig:15)
  A fire crab (shapeshifter) (Zig:10)
  23 anaconda zombies
  25 death scarabs
  6 giant orange brains
  A quicksilver dragon simulacrum (Coc:7)
  3 unseen horrors
  9 death drakes
  21 flayed ghosts
  29 iron trolls
  5 ball lightnings
  17 sea snakes
  A sea snake (shapeshifter) (Vaults:1)
  9 spatial maelstroms
  16 swamp dragons
  16 storm dragon skeletons
  4 ghost moth zombies
  10 salamander mystics
  34 deep trolls
  32 gelid demonspawn (Pan)
  10 golden dragon zombies
  10 cherubim (Pan)
  58 shadow demons
  23 orc knights
  13 naga ritualists
  3 lindwurms (Snake:4)
  An unseen horror (shapeshifter) (Zig:16)
  4 ice statues
  A swamp dragon (shapeshifter) (Zig:22)
  33 torturous demonspawn (Pan)
  2 obsidian statues
  34 infernal demonspawn (Pan)
  8 shambling mangroves
  9 golden dragon skeletons
  26 ironbrand convokers
  8 wolf spider zombies
  24 mana vipers
  3 harpies (shapeshifter)
  9 shadow dragon zombies
  9 anaconda skeletons
  18 deep elf summoners
  9 hill giants
  33 putrid demonspawn (Pan)
  2 anubis guards (shapeshifter)
  30 deep elf conjurers
  14 harpies
  6 sphinx zombies
  18 fire giant zombies
  2 wolf spiders (shapeshifter)
  51 anubis guards
  9 griffons
  5 wolf spiders
  10 tengu skeletons
  21 necromancers
  2 water nymphs (shapeshifter)
  32 phantasmal warriors
  20 orc sorcerers
  6 orb spiders
  83 sixfirhies
  18 hornets
  11 salamanders
  21 frost giant zombies
  13 stone giant zombies
  2 hornets (shapeshifter)
  121 ugly things
  10 iron dragon zombies
  2 griffons (shapeshifter)
  5 shining eyes
  A salamander (shapeshifter) (Zig:13)
  6 water nymphs
  2 sphinx skeletons
  15 worldbinders
  83 black mambas
  12 shadow dragon skeletons
  A draconian zombie (Zig:12)
  10 iron dragon skeletons
  2 elephants (shapeshifter)
  8 fauns
  8 oklob plants
  A cyclops (shapeshifter) (Depths:5)
  A manticore (shapeshifter) (D:13)
  A shining eye (shapeshifter) (Zig:8)
  14 wizards
  A mana viper (shapeshifter) (Zig:3)
  8 stone giant skeletons
  12 fire giant skeletons
  11 manticores
  27 moths of wrath
  2 eyes of devastation (shapeshifter)
  2 octopodes (shapeshifter)
  A draconian skeleton (Zig:12)
  10 frost giant skeletons
  A moth of wrath (shapeshifter) (Depths:5)
  20 vault sentinels
  4 apis skeletons (Depths:1)
  131 smoke demons
  8 elephants
  A black mamba (shapeshifter) (Zig:13)
  2 shock serpent zombies
  76 rust devils
  12 sirens
  15 cyclopes
  13 molten gargoyles
  2 titan simulacra
  2 guardian serpents (shapeshifter)
  12 dire elephant zombies
  2 eyes of devastation
  4 shock serpent skeletons
  4 dire elephant skeletons
  Psyche (D:10)
  49 naga magi
  26 guardian serpents
  50 hellions
  30 spiny frogs
  14 spectral swamp worms
  2 orange crystal statues
  A white draconian zombie (Crypt:1)
  5 gargoyles
  A mutant beast skeleton (Crypt:2)
  12 elf zombies
  25 apocalypse crabs
  31 efreet
  A catoblepas zombie (Dis:1)
  A storm dragon simulacrum (Coc:3)
  An elephant slug zombie (Crypt:1)
  11 spriggan skeletons
  2 emperor scorpion zombies
  3 kobold demonologists
  68 yaktaurs
  3 anaconda simulacra
  120 orange demons
  A yellow draconian zombie (Dis:6)
  7 fire drakes
  13 komodo dragons
  129 starcursed masses
  89 tormentors
  20 deep elf priests
  A wandering mushroom (Abyss:1)
  2 komodo dragons (shapeshifter)
  A mottled draconian zombie (Zot:1)
  2 red draconian skeletons
  13 spriggan druids
  85 red devils
  3 catoblepas skeletons
  An elf (Depths:2)
  86 blue devils
  4 harpy zombies
  36 hydra zombies
  33 ancient zymes
  12 jumping spiders
  A yellow draconian skeleton (Dis:3)
  90 freezing wraiths
  A purple draconian skeleton (Geh:7)
  94 guardian mummies
  A mottled draconian skeleton (Dis:6)
  3 tengu conjurers
  26 two-headed ogres
  11 trolls
  4 polar bears
  4 wind drakes
  13 hydra skeletons
  21 demonic crawlers
  8 fire vortices
  3 harpy skeletons
  8 silent spectres
  A wind drake (shapeshifter) (Zig:15)
  104 hellwings
  Grinder (D:6)
  2 two-headed ogres (shapeshifter)
  13 giant leeches
  28 merfolk
  38 blink frogs
  16 ettin zombies
  8 boulder beetles
  59 raiju
  8 ice dragon zombies
  8 alligator zombies
  18 bog bodies
  4 removed MONS_RAVENs
  12 snapping turtles
  12 fire dragon zombies
  A shadow dragon simulacrum (Coc:3)
  8 ice dragon skeletons
  8 trapdoor spiders
  32 ushabtiu
  105 slime creatures
  206 flying skulls
  60 shadows
  A stone giant simulacrum (Zig:9)
  6 air elementals (Zig:6)
  16 ettin skeletons
  21 spriggans
  2 redbacks (shapeshifter) (Zig:22)
  39 vampires
  32 water elementals
  Sigmund (D:5)
  A deep troll zombie (Hell)
  3 fire giant simulacra
  A frost giant simulacrum (Tar:4)
  34 redbacks
  8 alligator skeletons
  65 wraiths
  A guardian serpent skeleton (Crypt:3)
  4 black mamba zombies
  43 deep elf magi
  5 wyverns
  10 fire dragon skeletons
  A fire bat (shapeshifter) (Vaults:2)
  36 fire elementals
  A hill giant zombie (Crypt:3)
  A basilisk (shapeshifter) (Vaults:5)
  2 spriggans (shapeshifter)
  3 tarantellas
  9 elf skeletons
  2 golden eyes (shapeshifter)
  12 hungry ghosts
  4 black mamba skeletons
  94 ynoxinuls
  Eustachio (D:5)
  2 tarantellas (shapeshifter)
  6 fire bats
  13 golden eyes
  16 hippogriffs
  34 deep elf fighters
  A mottled dragon (Vaults:1)
  A spriggan simulacrum (Depths:1)
  47 yaks
  An elf simulacrum (Zig:7)
  A wolf (shapeshifter) (Zig:23)
  26 vampire mosquitoes
  A yaktaur simulacrum (Zig:1)
  29 wolves
  4 basilisks
  36 chaos spawn
  20 wargs
  77 nagas
  13 swamp worms (Lair:6)
  A salamander skeleton (Vaults:3)
  Edmund (D:5)
  16 insubstantial wisps
  96 neqoxecs
  2 steam dragons
  A ghost (Depths:2)
  152 large abominations
  2 soldier ants
  19 spatial vortices
  An iron troll simulacrum (Coc:1)
  12 porcupines
  7 tengu zombies
  2 deep troll skeletons
  3 merfolk zombies
  3 hydra simulacra
  2 ogre skeletons
  5 slaves (Depths:2)
  27 spiny frog zombies
  141 hell hounds
  3 merfolk skeletons
  An ice dragon simulacrum (Tar:5)
  8 black bears
  20 water moccasins
  14 spiders
  67 orc warriors
  2 sky beasts
  An alligator simulacrum (Coc:3)
  5 spiny frog skeletons
  17 swamp drakes
  21 wasps
  A black bear (shapeshifter) (Zig:13)
  2 ghost crab zombies
  9 snapping turtle zombies
  A manticore zombie (Coc:6)
  31 ice beasts
  A spider (shapeshifter) (Vaults:5)
  55 necrophages
  5 manticore skeletons
  5 swamp dragon zombies
  A boggart (shapeshifter) (Vaults:5)
  11 eyes of draining
  A boggart (Depths:2)
  15 phantoms
  8 snapping turtle skeletons
  19 crocodiles
  57 ogres
  The ghost of LightningNZ the Skirmisher, an average GrFi of Okawaru (D:3)
  4 swamp dragon skeletons
  6 brain worms
  45 centaurs
  A giant frog (shapeshifter) (Vaults:4)
  7 big kobolds
  5 human zombies
  A big kobold (shapeshifter) (D:14)
  A dryad zombie (Crypt:2)
  2 yaktaur zombies
  13 human skeletons
  2 earth elementals (Abyss:1)
  2 spectral wargs (Depths:2)
  28 giant frogs
  2 cyclops zombies (Crypt:1)
  A gnoll sergeant (D:11)
  A warg zombie (Crypt:1)
  6 scorpions
  6 spiny frog simulacra
  A merfolk simulacrum (Coc:7)
  A water moccasin zombie (Crypt:3)
  2 wyvern skeletons
  7 spriggan zombies
  12 killer bees
  4 troll zombies
  77 small abominations
  2 electric eels
  135 wights
  3 centaur zombies
  A human simulacrum (Vaults:2)
  A wasp zombie (D:13)
  5 giant frog zombies
  4 hounds
  20 crimson imps
  29 orc priests
  A demonspawn skeleton (Crypt:2)
  16 quasits
  Crazy Yiuf (D:2)
  A black bear zombie (Crypt:2)
  16 iguanas
  25 jellies
  11 hell rats
  4 centaur skeletons
  9 worker ants
  Terence (D:3)
  82 iron imps
  61 orc wizards
  A worker ant (shapeshifter) (Depths:1)
  A lightning spire (Zig:6)
  A porcupine skeleton (Crypt:1)
  A killer bee zombie (D:6)
  26 sheep
  2 naga zombies
  7 ogre zombies
  A crocodile skeleton (Crypt:3)
  4 naga skeletons
  A centaur simulacrum (Coc:1)
  2 hound zombies
  A demigod skeleton (Crypt:3)
  149 mummies
  3 hound skeletons
  8 gnolls
  13 adders
  101 river rats
  53 shadow imps
  A swamp drake skeleton (Crypt:3)
  47 white imps
  A giant eyeball (Zig:17)
  16 ufetubi
  An adder zombie (D:8)
  6 worms
  An adder skeleton (D:6)
  3 giant geckos
  277 orcs
  2 ball pythons
  3 bat skeletons
  45 goblins
  28 hobgoblins
  55 kobolds
  4 quokkas
  14 bats
  8 giant cockroaches
  A giant gecko skeleton (D:4)
  5 giant newts
  A giant newt zombie (Crypt:2)
  2 goblin skeletons (D:12)
  3 goblin zombies (D:12)
  5 hobgoblin skeletons (D:12)
  5 hobgoblin zombies (D:12)
  24 jackals
  2 kobold skeletons
  A kobold zombie (Dis:7)
  4 lurking horrors (Abyss:1)
  An orc skeleton (Tar:5)
  10 orc zombies (D:12)
  A quokka skeleton (Crypt:1)
  A quokka zombie (D:6)
  13 rats
  16 briar patches
  2 bushes (Zig:20)
  2 crawling corpses
  A fulminant prism (Zig:22)
  74 fungi
  6 grand avatars (Pan)
  A lost soul (Crypt:3)
  141 plants
  A spectral weapon (Elf:3)
  44 starspawn tentacles
  A starspawn tentacle segment (Abyss:1)
  9 tentacles
  A tentacle segment (Tar:7)
10983 creatures vanquished.

Vanquished Creatures (collateral kills)
  3 greater mummies
  A shard shrike (Zig:5)
  A pandemonium lord (Zig:22)
  A golden dragon (Depths:5)
  A bone dragon (Zig:24)
  An Ice Fiend (Coc:7)
  2 tentacled monstrosities (Zig:26)
  2 liches
  A Shadow Fiend (Zig:9)
  An Executioner (Dis:7)
  A thorn hunter (Zig:26)
  2 azure jellies (shapeshifter) (Zig:16)
  A shadow dragon (shapeshifter) (Zig:23)
  3 balrugs (Pan)
  A ghoul (Zig:7)
  A caustic shrike skeleton (Zig:20)
  5 reapers
  2 blizzard demons
  A death ooze (Slime:6)
  A mummy priest (Zig:9)
  An alligator snapping turtle (shapeshifter) (Zig:16)
  A sun demon (Pan)
  An alligator (Zig:26)
  A hell knight (Geh:7)
  A large abomination (Zig:11)
  A soul eater (Geh:7)
  6 skeletal warriors
  An ice devil (Zig:25)
  A spriggan druid (Zig:26)
  An anaconda zombie (Coc:7)
  2 tengu zombies
  2 swamp dragons (Zig:26)
  A deep troll (shapeshifter) (Zig:23)
  A deep elf summoner (Zig:11)
  A shadow dragon zombie (Zig:25)
  An anaconda skeleton (Geh:7)
  A shambling mangrove (Zig:26)
  2 anubis guards (Tomb:3)
  An ugly thing (Zig:23)
  A tengu skeleton (Zig:25)
  A phantasmal warrior (Geh:7)
  A shadow dragon skeleton (Zig:25)
  A shining eye (Slime:4)
  A faun (Shoals:4)
  2 hornets
  A smoke demon (Geh:7)
  2 spriggan zombies
  A dire elephant zombie (Dis:7)
  An apocalypse crab (Zig:16)
  A spriggan skeleton (Zig:25)
  2 molten gargoyles (Geh:7)
  A naga mage (Snake:4)
  A catoblepas zombie (Coc:7)
  An elf zombie (Zig:25)
  4 tormentors
  A hellion (Zig:9)
  A spiny frog (Zig:26)
  A freezing wraith (Zig:25)
  A guardian mummy (Tomb:3)
  A red devil (Geh:7)
  A blue devil (Coc:7)
  4 slime creatures (Slime:4)
  A bog body (Zig:26)
  7 flying skulls
  A ynoxinul (Pan)
  3 elf skeletons
  A wyvern (shapeshifter) (Zig:23)
  A human skeleton (Zig:9)
  A hell hound (Geh:7)
  2 swamp drakes (Zig:26)
  A necrophage (Zig:24)
  3 mummies
  3 white imps
  A fungus (Depths:5)
116 creatures vanquished.

Vanquished Creatures (others)
  The ghost of jimeh the Meteorologist, a legendary DsWz of Vehumet (Coc:7)
  2 Killer Klowns
  A deep elf blademaster (Elf:3)
  An Executioner (Zig:13)
  2 deep elf master archers
  An eldritch tentacle (Zig:15)
  A tengu reaver (Zig:8)
  A frost giant (Lair:8)
  A draconian knight (Zig:21)
  2 draconian scorchers
  A warmonger (Zig:13)
  2 very ugly things
  A draconian annihilator (Zig:10)
  A draconian caller (Zig:10)
  A mottled draconian (Zig:21)
  2 deep elf death magi
  A merfolk javelineer (Shoals:1)
  2 fire dragons (Zig:13)
  A hydra (Zig:17)
  A death knight (Zig:13)
  A yaktaur captain (Zig:27)
  2 ghost crabs
  A centaur warrior (Zig:27)
  A merfolk aquamancer (Shoals:1)
  2 thrashing horrors
  A spriggan (Zig:17)
  30 death scarabs
  A spatial maelstrom (Abyss:1)
  An anaconda zombie (Dis:2)
  6 ball lightnings
  A swamp dragon (Zig:17)
  4 spriggan druids
  An ironbrand convoker (Zig:10)
  A harpy (Shoals:4)
  A shadow demon (Zig:10)
  A torturous demonspawn (Zig:13)
  An anaconda skeleton (Tomb:2)
  A quicksilver dragon simulacrum (Tomb:2)
  2 anubis guards (Tomb:3)
  2 necromancers
  A lindwurm (Snake:4)
  2 ugly things
  A cyclops (Zig:27)
  2 naga magi
  A fire giant skeleton (Tomb:2)
  3 apocalypse crabs (Zig:22)
  A frost giant skeleton (Zig:14)
  An orange demon (Pan)
  A shock serpent skeleton (Tomb:3)
  2 smoke demons
  A spiny frog (Zig:26)
  2 fire drakes (Zig:13)
  6 yaktaurs
  A tengu conjurer (Depths:2)
  An anaconda simulacrum (Crypt:1)
  5 hellwings (Pan)
  2 fire vortices (Volcano)
  A removed MONS_RAVEN (Depths:1)
  An alligator zombie (Dis:1)
  A wraith (Geh:5)
  An ettin skeleton (Abyss:1)
  An alligator skeleton (Tomb:2)
  5 flying skulls (Tomb:2)
  A fire elemental (Abyss:1)
  A deep elf mage (Zig:12)
  2 humans
  2 deep elf fighters
  An insubstantial wisp (Zig:17)
  A hydra simulacrum (Tomb:3)
  An orc warrior (Vaults:2)
  A naga (Zig:12)
  2 hell hounds
  3 swamp drakes
  8 wasps
  2 large abominations
  An ogre (Vaults:2)
  3 centaurs
  An orc priest (Depths:4)
  2 orc wizards
  A small abomination (Abyss:1)
  3 mummies (Tomb:2)
  A white imp (Zig:25)
  6 ufetubi (IceCv)
  An orc (Orc:4)
  A goblin (Orc:4)
  3 lurking horrors (Abyss:1)
  9 briar patches
  5 bushes
  2399 eldritch tentacle segments
  A fulminant prism (Zig:22)
  7 fungi
  16 lost souls
  9 plants
  4 singularities
  49 starspawn tentacles
  498 starspawn tentacle segments
  17 tentacles
  300 tentacle segments
3492 creatures vanquished.

Grand Total: 14591 creatures vanquished

Notes
Turn   | Place    | Note
--------------------------------------------------------------
     0 | D:1      | LightningNZ the Gargoyle Fighter began the quest for the Orb.
     0 | D:1      | Reached XP level 1. HP: 14/14 MP: 1/1
   145 | D:1      | Reached XP level 2. HP: 19/19 MP: 2/2
   482 | D:2      | Reached skill level 4 in Fighting
   688 | D:2      | Reached XP level 3. HP: 24/24 MP: 3/3
   869 | D:2      | Noticed Crazy Yiuf
   878 | D:2      | Killed Crazy Yiuf
   878 | D:2      | Reached XP level 4. HP: 21/30 MP: 4/4
   976 | D:2      | Found an iron altar of Okawaru.
  1005 | D:2      | Became a worshipper of Warmaster Okawaru
  1253 | D:2      | Reached skill level 1 in Dodging
  1274 | D:3      | Noticed LightningNZ's ghost (average GrFi)
  1404 | D:3      | Found a sacrificial altar of Ru.
  1415 | D:3      | Noticed Terence
  1428 | D:3      | Killed Terence
  1428 | D:3      | Reached XP level 5. HP: 28/34 MP: 5/5
  1902 | D:3      | Killed LightningNZ's ghost
  1902 | D:3      | Reached skill level 1 in Invocations
  1902 | D:3      | Reached XP level 6. HP: 40/40 MP: 6/6
  2107 | D:4      | Reached skill level 5 in Fighting
  2306 | D:4      | Reached XP level 7. HP: 40/44 MP: 8/8
  2578 | D:4      | Found a bloodstained altar of Trog.
  2612 | D:4      | Acquired Okawaru's first power
  2782 | D:5      | Entered Level 5 of the Dungeon
  2870 | D:5      | Noticed Sigmund
  2882 | D:5      | Killed Sigmund
  2882 | D:5      | Reached skill level 1 in Maces & Flails
  2915 | D:5      | Noticed Eustachio
  2929 | D:5      | Killed Eustachio
  2929 | D:5      | Reached skill level 6 in Fighting
  2929 | D:5      | Reached XP level 8. HP: 45/51 MP: 10/10
  3277 | D:5      | Noticed Edmund
  3301 | D:5      | Killed Edmund
  3301 | D:5      | Reached skill level 5 in Shields
  3499 | D:5      | Reached skill level 5 in Armour
  3571 | D:5      | Found a shimmering altar of Xom.
  3571 | D:5      | Found a burning altar of Makhleb.
  3598 | D:5      | Found a staircase to the Ecumenical Temple.
  3612 | D:5      | Reached skill level 1 in Throwing
  3704 | D:6      | Found a shadowy altar of Dithmenos.
  3790 | D:6      | Found a deep blue altar of Sif Muna.
  3995 | D:6      | Noticed Grinder
  4013 | D:6      | Killed Grinder
  4013 | D:6      | Reached XP level 9. HP: 56/56 MP: 11/11
  4410 | D:6      | Found a snail-covered altar of Cheibriados.
  4815 | D:6      | Found a shattered altar of Ashenzari.
  4879 | D:6      | Reached skill level 7 in Fighting
  5078 | D:7      | Reached skill level 5 in Axes
  5909 | D:7      | Reached skill level 5 in Dodging
  6050 | D:8      | Reached XP level 10. HP: 51/64 MP: 12/12
  6087 | D:8      | Reached skill level 1 in Evocations
  6364 | D:8      | Noticed a komodo dragon
  6401 | D:8      | Killed a komodo dragon
  6401 | D:8      | Reached skill level 8 in Fighting
  6442 | D:8      | Found a blossoming altar of Fedhas.
  6490 | D:8      | Acquired Okawaru's second power
  6518 | D:8      | Found a staircase to the Lair.
  6694 | D:8      | Noticed a two-headed hydra
  6714 | D:8      | Killed a two-headed hydra
  6714 | D:8      | Received a gift from Okawaru
  6755 | D:8      | Received a gift from Okawaru
  6937 | Lair:1   | Entered Level 1 of the Lair of Beasts
  7200 | Lair:1   | Noticed a black mamba
  7223 | Lair:1   | Killed a black mamba
  7223 | Lair:1   | Reached XP level 11. HP: 48/69 MP: 9/13
  7273 | Lair:1   | Identified Olgreb's Catalogue of Toxins (You found it on level 1 of the Lair of Beasts)
  7422 | Lair:1   | Reached skill level 9 in Fighting
  7469 | Lair:1   | Noticed a black mamba
  7493 | Lair:1   | Killed a black mamba
  7944 | Lair:1   | Noticed a black mamba
  7966 | Lair:1   | Killed a black mamba
  7966 | Lair:1   | Received a gift from Okawaru
  7967 | Lair:1   | Got a smelly mottled dragon armour {god gift}
  7980 | Lair:1   | Identified the +3 mottled dragon armour of an ice cave {rElec rPois rC- MR+} (Okawaru gifted it to you on level 1 of the Lair of Beasts)
  8047 | Lair:1   | Identified Ekoliqui's Tome of Evil
 10139 | Lair:3   | Noticed a four-headed hydra
 10161 | Lair:3   | Killed a one-headed hydra
 10161 | Lair:3   | Reached XP level 12. HP: 31/77 MP: 8/15
 10168 | Lair:3   | Reached skill level 10 in Fighting
 10877 | Lair:3   | Reached skill level 10 in Shields
 11121 | Lair:3   | Reached skill level 5 in Invocations
 11239 | Lair:4   | Received a gift from Okawaru
 11287 | Lair:4   | You fall through a shaft for 3 floors!
 11477 | Lair:6   | Received a gift from Okawaru
 11508 | Lair:6   | Reached skill level 11 in Fighting
 11546 | Lair:6   | Found a frozen archway.
 11611 | IceCv    | Entered an ice cave
 11616 | IceCv    | Upgraded the game from 0.17-a0-1262-gd250d98 to 0.17-a0-1263-gc2a165f
 11764 | IceCv    | Upgraded the game from 0.17-a0-1263-gc2a165f to 0.17-a0-1311-gbcbd859
 12297 | IceCv    | HP: 1/80 [blue devil (6)]
 12910 | IceCv    | Reached XP level 13. HP: 84/84 MP: 9/17
 12966 | IceCv    | Received a gift from Okawaru
 13549 | Lair:5   | Reached skill level 1 in Long Blades
 13741 | Lair:5   | Identified Sif Muna's Handbook of Aid
 14478 | Lair:6   | Noticed a seven-headed hydra
 14493 | Lair:6   | Killed a one-headed hydra
 14584 | Lair:6   | Found a staircase to the Slime Pits.
 14586 | Lair:6   | Found a viscous altar of Jiyva.
 15180 | Lair:6   | Reached skill level 12 in Fighting
 15514 | Lair:7   | Noticed an eight-headed hydra
 15528 | Lair:7   | Killed a one-headed hydra
 15823 | Lair:8   | Entered Level 8 of the Lair of Beasts
 15958 | Lair:8   | Found a dark tunnel.
 15966 | Volcano  | Entered a volcano
 16044 | Volcano  | Gained mutation: Your large and strong wings let you fly indefinitely. [Gargoyle growth]
 16044 | Volcano  | Reached XP level 14. HP: 26/92 MP: 11/19
 16361 | Lair:8   | Got a ring of the Octopus King
 16414 | Lair:8   | Reached skill level 5 in Long Blades
 16473 | Lair:8   | Got a shimmering silver ring
 16492 | Lair:8   | Identified the ring "Feodut" {Fire rPois Slay+5 Stlth+} (You found it on level 8 of the Lair of Beasts)
 16494 | Lair:8   | Identified a ring of the Octopus King {rF+ AC+1 EV+1 Str+1 Int+1 Dex+1} (You found it on level 8 of the Lair of Beasts)
 16538 | Lair:8   | Found a blossoming altar of Fedhas.
 16584 | Lair:8   | Noticed Shenaniganizer's ghost (powerful SpEn)
 16623 | Lair:8   | Killed Shenaniganizer's ghost
 16879 | Lair:8   | Received a gift from Okawaru
 17078 | Lair:8   | Got a spiked helmet
 17094 | Lair:8   | Identified the cursed -2 helmet "Kecro" {rC+ Int+4} (You found it on level 8 of the Lair of Beasts)
 17371 | Lair:6   | Reached skill level 13 in Fighting
 17440 | Lair:6   | Got an ichor-stained cloak
 17454 | Lair:6   | Identified the +1 cloak of Rationality {Str+5} (You found it on level 6 of the Lair of Beasts)
 17534 | Lair:4   | Found a staircase to the Shoals.
 17700 | Lair:4   | Noticed Rupert
 17708 | Lair:4   | Paralysed by Rupert for 2 turns
 17716 | Lair:4   | Killed Rupert
 17799 | Lair:4   | Noticed a six-headed hydra
 17811 | Lair:4   | Killed a three-headed hydra
 17811 | Lair:4   | Received a gift from Okawaru
 17946 | Lair:4   | Found a radiant altar of Vehumet.
 18056 | Lair:4   | Found a staircase to the Snake Pit.
 18419 | D:9      | Found Muppuxt's Gadget Shop.
 18776 | D:9      | Found Guasuebe's Antique Armour Emporium.
 19124 | D:9      | Found an opulent altar of Gozag.
 19167 | D:9      | Found a deep blue altar of Sif Muna.
 19260 | D:10     | Entered Level 10 of the Dungeon
 19620 | D:10     | Reached skill level 10 in Armour
 19673 | D:10     | Reached XP level 15. HP: 99/99 MP: 20/20
 19829 | D:10     | Noticed Psyche
 19840 | D:10     | Killed Psyche
 20945 | D:11     | Found a portal to a secret trove of treasure.
 21219 | D:11     | Reached skill level 5 in Evocations
 21264 | D:12     | Found Fotimuf's Assorted Antiques.
 21301 | D:12     | Found a flagged portal.
 21315 | Bailey   | Entered a bailey
 21822 | D:12     | Found a staircase to the Orcish Mines.
 22556 | D:12     | Bought a scroll of blinking for 195 gold pieces
 22556 | D:12     | Bought a scroll labeled JOYQI FAXZOIRPH for 26 gold pieces
 22596 | Orc:1    | Entered Level 1 of the Orcish Mines
 22676 | Orc:1    | Found Lupeb's Magic Scroll Shop.
 22811 | Orc:1    | Bought a scroll of fear for 42 gold pieces
 22909 | Orc:1    | Bought a scroll of blinking for 90 gold pieces
 22909 | Orc:1    | Bought a scroll of recharging for 114 gold pieces
 23178 | Orc:2    | Found Ygroge's General Store.
 23310 | Orc:2    | Found Moimyeti's Jewellery Shop.
 23654 | Orc:3    | Reached skill level 14 in Fighting
 23716 | Orc:3    | Found a roughly hewn altar of Beogh.
 23716 | Orc:3    | Found a staircase to the Elven Halls.
 23747 | Orc:3    | Noticed Sonja
 23750 | Orc:3    | Cast into the Abyss (Sonja)
 23772 | Orc:3    | Escaped the Abyss
 23775 | Orc:3    | Killed Sonja
 23888 | Orc:2    | Found Zone Veung's Book Emporium.
 24041 | Orc:3    | Paralysed by an orc sorcerer for 2 turns
 24261 | Orc:4    | Entered Level 4 of the Orcish Mines
 24813 | Orc:4    | Paralysed by an orc sorcerer for 4 turns
 24916 | Orc:4    | Found Terek's Magic Scroll Shop.
 24946 | Orc:4    | Found Heinischo's Antique Armour Shoppe.
 24972 | Orc:4    | Bought a shiny helmet for 121 gold pieces
 24996 | Orc:4    | Paralysed by an orc sorcerer for 6 turns
 25036 | Orc:4    | Received a gift from Okawaru
 25050 | Orc:4    | Found a roughly hewn altar of Beogh.
 25097 | Orc:4    | Found Qiutreik's Gadget Shop.
 25144 | Orc:4    | Found Beak's Jewellery Shoppe.
 25338 | Orc:4    | Bought a disc of storms for 280 gold pieces
 25500 | Elf:1    | Entered Level 1 of the Elven Halls
 25791 | D:13     | Noticed Erolcha
 25796 | D:13     | Killed Erolcha
 25862 | D:13     | Found a gate to the Vaults.
 25954 | D:13     | Noticed Nessos
 25957 | D:13     | Noticed Kirke
 25989 | D:13     | Killed Kirke
 25997 | D:13     | Killed Nessos
 25997 | D:13     | Received a gift from Okawaru
 25997 | D:13     | Reached skill level 10 in Long Blades
 26759 | D:14     | Reached XP level 16. HP: 107/107 MP: 21/21
 26992 | D:14     | Noticed Azrael
 27007 | D:14     | Killed Azrael
 27163 | D:14     | Found Baf Gamoseno's Jewellery Shop.
 27254 | D:15     | Entered Level 15 of the Dungeon
 27833 | D:15     | Noticed Agnes
 27850 | D:15     | Killed Agnes
 27850 | D:15     | Reached skill level 15 in Fighting
 27963 | D:15     | Found a staircase to the Depths.
 27992 | Depths:1 | Entered Level 1 of the Depths
 28035 | D:15     | Received a gift from Okawaru
 28193 | Depths:1 | Found Yxzoepupi's Assorted Antiques.
 28201 | Depths:1 | Bought a scroll labeled BAYWKO CAJAN for 42 gold pieces
 28336 | Depths:1 | Found a gateway to Hell.
 28344 | Depths:1 | Found Gipujops's Book Shoppe.
 28463 | Depths:1 | Found a one-way gate to the infinite horrors of the Abyss.
 28617 | Depths:1 | Found Feimuh's Assorted Antiques.
 28633 | Depths:1 | Found Fustapp's Magic Scroll Boutique.
 28641 | Depths:1 | Bought a scroll of summoning for 142 gold pieces
 28641 | Depths:1 | Bought a scroll of holy word for 112 gold pieces
 28641 | Depths:1 | Bought a scroll of acquirement for 780 gold pieces
 28641 | Depths:1 | Bought a scroll of enchant armour for 112 gold pieces
 28681 | Depths:1 | Bought a scroll of enchant armour for 322 gold pieces
 28692 | Depths:1 | Reached skill level 15 in Shields
 29065 | Depths:1 | Found a basalt altar of Yredelemnul.
 29070 | Depths:1 | Noticed a profane servitor
 29073 | Depths:1 | Received a gift from Okawaru
 29160 | Depths:1 | Reached XP level 17. HP: 86/114 MP: 12/22
 29222 | Depths:1 | Killed a profane servitor
 29496 | Depths:1 | Reached skill level 16 in Fighting
 31048 | D:9      | Bought a fan of gales for 480 gold pieces
 31158 | Lair:1   | You are sucked into a shaft!
 31248 | Shoals:1 | Entered Level 1 of the Shoals
 31285 | Shoals:1 | Received a gift from Okawaru
 31286 | Shoals:1 | Got a fine short sword {god gift}
 31631 | Shoals:1 | Found Kasome's Food Shoppe.
 32761 | Shoals:2 | Identified the Collected Works on the Oath
 32791 | Shoals:2 | Received a gift from Okawaru
 32901 | Shoals:3 | Noticed Aizul
 32923 | Shoals:3 | Killed Aizul
 33210 | Shoals:3 | Reached XP level 18. HP: 122/122 MP: 24/24
 33232 | Shoals:3 | Received a gift from Okawaru
 33249 | Shoals:3 | Identified a +2 pair of boots of running (Okawaru gifted it to you on level 3 of the Shoals)
 33389 | Shoals:4 | Entered Level 4 of the Shoals
 33597 | Shoals:4 | Noticed Ilsuiw
 33821 | Shoals:4 | Killed Ilsuiw
 34154 | Shoals:4 | Found Qiroket's Antique Weapon Boutique.
 34169 | Shoals:4 | Bought a runed war axe for 126 gold pieces
 34175 | Shoals:4 | Bought a glowing war axe for 126 gold pieces
 34322 | Shoals:4 | Upgraded the game from 0.17-a0-1311-gbcbd859 to 0.17-a0-1321-gbb7a4a6
 34520 | Shoals:4 | Got a barnacled rune of Zot
 34698 | Shoals:4 | Received a gift from Okawaru
 35407 | Snake:1  | Entered Level 1 of the Snake Pit
 35563 | Snake:1  | Reached skill level 17 in Fighting
 35919 | Snake:1  | Received a gift from Okawaru
 36031 | Snake:1  | Reached skill level 10 in Invocations
 36129 | Snake:1  | Found Duoquug's General Store.
 36395 | Snake:2  | Noticed Saint Roka
 36430 | Snake:2  | Killed Saint Roka
 36430 | Snake:2  | Reached XP level 19. HP: 115/128 MP: 9/26
 36916 | Snake:2  | Received a gift from Okawaru
 37435 | Snake:3  | Found a white marble altar of Elyvilon.
 37854 | Snake:3  | Received a gift from Okawaru
 38174 | Snake:4  | Entered Level 4 of the Snake Pit
 38340 | Snake:4  | Received a gift from Okawaru
 38747 | Snake:4  | Found a sacrificial altar of Ru.
 39091 | Snake:4  | Received a gift from Okawaru
 39256 | Snake:4  | Reached skill level 10 in Evocations
 39306 | Snake:4  | Received a gift from Okawaru
 39393 | Snake:4  | Reached XP level 20. HP: 119/136 MP: 21/28
 39622 | Snake:4  | Reached skill level 18 in Fighting
 39659 | Snake:4  | Got a serpentine rune of Zot
 40410 | D:11     | Got a distressingly furry shield
 40421 | D:11     | Identified the +0 shield "Exkenica" {rCorr Str+2 Int+4} (You acquired it on level 11 of the Dungeon)
 40502 | Vaults:1 | Entered Level 1 of the Vaults
 40520 | Vaults:1 | Found a shattered altar of Ashenzari.
 40564 | Vaults:1 | Found a flickering gateway to a bazaar.
 40582 | Bazaar   | Entered a bazaar
 40586 | Bazaar   | Found Bykiedd's Jewellery Boutique.
 40604 | Bazaar   | Found Haump's Antique Weapon Shoppe.
 40622 | Bazaar   | Found Wuffigru's Book Boutique.
 40640 | Bazaar   | Found Aces's Gadget Emporium.
 40710 | Bazaar   | Bought a phantom mirror for 420 gold pieces
 40767 | Vaults:1 | Cast into the Abyss (a deep elf demonologist)
 40808 | Vaults:1 | Escaped the Abyss
 41150 | Vaults:1 | Received a gift from Okawaru
 41279 | Vaults:1 | Noticed Geeful's ghost (mighty DsAK)
 41298 | Vaults:1 | Killed Geeful's ghost
 41522 | Vaults:1 | Paralysed by an ogre mage for 7 turns
 41531 | Vaults:1 | Received a gift from Okawaru
 41571 | Vaults:1 | Received a gift from Okawaru
 42007 | Vaults:1 | Received a gift from Okawaru
 42083 | Vaults:1 | Reached XP level 21. HP: 142/142 MP: 29/29
 42139 | Vaults:1 | Received a gift from Okawaru
 42449 | Vaults:2 | Found Ymuhil's Food Boutique.
 42526 | Vaults:2 | Paralysed by a sphinx for 5 turns
 42604 | Vaults:2 | Received a gift from Okawaru
 42626 | Vaults:2 | Found a magical portal.
 42649 | WizLab   | Entered The Roulette of Golubria
 42653 | WizLab   | Found a corrupted altar of Lugonu.
 42866 | WizLab   | Found a corrupted altar of Lugonu.
 43007 | WizLab   | Paralysed by accursed screaming for 1 turns
 43420 | WizLab   | Identified Leuczug's Handbook of Supportive Displacement (You found it in a wizard's laboratory)
 43450 | WizLab   | Identified the Reference Book on Helpful Orientation (You found it in a wizard's laboratory)
 43607 | WizLab   | Found a corrupted altar of Lugonu.
 43691 | Vaults:2 | Reached skill level 19 in Fighting
 43818 | Vaults:2 | Got a faintly glowing broad axe {god gift}
 43819 | Vaults:2 | Identified the +8 broad axe of Okawaru's Hatred {speed, rC+} (Okawaru gifted it to you on level 2 of the Vaults)
 43889 | Vaults:2 | Reached skill level 10 in Dodging
 43909 | Vaults:2 | Received a gift from Okawaru
 45096 | Vaults:3 | Reached XP level 22. HP: 150/150 MP: 15/30
 45480 | Vaults:3 | Received a gift from Okawaru
 45838 | Vaults:3 | Found a staircase to the Crypt.
 46363 | Vaults:3 | Found Zeyc's Antique Weapon Emporium.
 46744 | Vaults:4 | Received a gift from Okawaru
 46769 | Vaults:4 | Found a flickering gateway to a bazaar.
 46778 | Bazaar   | Entered a bazaar
 46778 | Bazaar   | Found Omab Nem's Antique Weapon Shoppe.
 46788 | Bazaar   | Found Yfooh's Book Boutique.
 46798 | Bazaar   | Found Suell's Distillery.
 46806 | Bazaar   | Bought a potion of curing for 57 gold pieces
 46806 | Bazaar   | Bought a potion of heal wounds for 95 gold pieces
 46806 | Bazaar   | Bought 2 potions of curing for 114 gold pieces
 46806 | Bazaar   | Bought a potion of resistance for 190 gold pieces
 46806 | Bazaar   | Bought a potion of agility for 76 gold pieces
 46806 | Bazaar   | Bought a potion of heal wounds for 95 gold pieces
 46806 | Bazaar   | Bought a potion of might for 76 gold pieces
 46806 | Bazaar   | Bought 2 potions of curing for 114 gold pieces
 46830 | Bazaar   | Found Huguodel's Distillery.
 46847 | Bazaar   | Bought a potion of curing for 21 gold pieces
 46847 | Bazaar   | Bought a potion of cancellation for 56 gold pieces
 46847 | Bazaar   | Bought a potion of cure mutation for 245 gold pieces
 47563 | Vaults:4 | Reached skill level 20 in Fighting
 48114 | Vaults:4 | Reached skill level 15 in Armour
 48240 | Vaults:4 | Got a transparent hat {god gift}
 48246 | Vaults:4 | Identified the +4 hat "Fysiryeq" {Str+3} (Okawaru gifted it to you on level 4 of the Vaults)
 48589 | Vaults:5 | Entered Level 5 of the Vaults
 48596 | Vaults:5 | Received a gift from Okawaru
 48596 | Vaults:5 | Reached XP level 23. HP: 135/158 MP: 25/32
 48713 | Vaults:5 | Received a gift from Okawaru
 49169 | Vaults:5 | Noticed an ancient lich
 49177 | Vaults:5 | Killed an ancient lich
 49184 | Vaults:5 | Noticed an ancient lich
 49197 | Vaults:5 | Killed an ancient lich
 49197 | Vaults:5 | Reached skill level 10 in Axes
 49353 | Vaults:5 | Got a pitted morningstar
 49356 | Vaults:5 | Identified the +7 morningstar "Fuet" {venom, rC+} (You took it off an ironbrand convoker on level 5 of the Vaults)
 49418 | Vaults:5 | Received a gift from Okawaru
 49437 | Vaults:5 | Identified a +5 rod of ignition (13/13) (You took it off a deep elf conjurer on level 5 of the Vaults)
 49462 | Vaults:5 | Reached skill level 21 in Fighting
 49541 | Vaults:5 | Received a gift from Okawaru
 49590 | Vaults:5 | Reached XP level 24. HP: 53/166 MP: 13/32
 50476 | Vaults:5 | Identified the Collected Works on Shape Shifting
 51012 | Vaults:5 | Got a silver rune of Zot
 51268 | Vaults:5 | Identified the Disquisition on the Shifting Rocks (You found it on level 5 of the Vaults)
 51272 | Vaults:5 | Identified the Volume of Earthen Orientation
 52058 | Temple   | Entered the Ecumenical Temple
 52105 | Temple   | Fell from the grace of Okawaru
 52105 | Temple   | Became a worshipper of the Shining One
 52330 | D:2      | Upgraded the game from 0.17-a0-1321-gbb7a4a6 to 0.17-a0-1324-ga541562
 53390 | Slime:1  | Entered Level 1 of the Pits of Slime
 54566 | D:12     | Bought a scroll of teleportation for 78 gold pieces
 54809 | Orc:2    | Bought an uncursed amulet of regeneration for 360 gold pieces
 54926 | Orc:4    | Bought a scroll of recharging for 123 gold pieces
 54926 | Orc:4    | Bought a scroll of recharging for 123 gold pieces
 54926 | Orc:4    | Bought a scroll of recharging for 123 gold pieces
 54926 | Orc:4    | Bought a scroll of holy word for 97 gold pieces
 55521 | Elf:1    | Acquired the Shining One's first power
 56370 | Elf:2    | Found Rujex's General Store.
 56433 | Elf:2    | Found Deil's Food Boutique.
 56445 | Elf:2    | Acquired the Shining One's second power
 56758 | Elf:2    | Found a runed gate.
 56758 | Elf:2    | Found a runed gate.
 56758 | Elf:2    | Found a runed gate.
 57309 | Elf:3    | Entered Level 3 of the Elven Halls
 57445 | Elf:3    | Noticed Asterion
 57466 | Elf:3    | Killed Asterion
 58258 | Elf:3    | Reached XP level 25. HP: 167/172 MP: 32/32
 58261 | Elf:3    | Acquired the Shining One's third power
 58281 | Elf:3    | Reached skill level 22 in Fighting
 58552 | Elf:3    | Got a scorched storm dragon armour
 58575 | Elf:3    | Got an ancient bone ring
 58608 | Elf:3    | Got a faintly glowing scythe
 58670 | Elf:3    | Got an encrusted plate armour
 58769 | Elf:3    | Identified the ring "Haodocet" {rN+ Dex+6 Stlth+} (You took it off a deep elf death mage on level 3 of the Elven Halls)
 58781 | Elf:3    | Identified the +7 scythe of the Evil Eye {slice, rElec rF+} (You took it off a deep elf annihilator on level 3 of the Elven Halls)
 58802 | Elf:3    | Identified the cursed +1 plate armour of Action {*Contam MR++ Int+4 Stlth+} (You found it on level 3 of the Elven Halls)
 58824 | Elf:3    | Identified the +17 storm dragon armour "Orocvuaf" {rElec Str+7 Int+4} (You found it on level 3 of the Elven Halls)
 59546 | Depths:1 | Upgraded the game from 0.17-a0-1324-ga541562 to 0.17-a0-1337-ge651487
 59737 | Depths:2 | Was forgiven by Okawaru
 59827 | Depths:2 | Acquired the Shining One's fourth power
 60481 | Depths:2 | Noticed a titan
 60494 | Depths:2 | Killed a titan
 60812 | Depths:2 | Found The Legendary Quples's Legendary Smithy.
 60858 | Depths:2 | Found Romaum's Miraculous Elixirs.
 60883 | Depths:2 | Found Jack's Jerk-a-riffic Jerky.
 60940 | Depths:2 | Found Veijiw's Slaves and Accessories.
 60976 | Depths:2 | Reached skill level 15 in Axes
 61072 | Depths:2 | Cast into the Abyss (an ogre mage)
 61351 | Abyss:1  | Paralysed by an apocalypse crab for 3 turns
 61605 | Abyss:1  | Found a corrupted altar of Lugonu.
 61834 | Depths:2 | Escaped the Abyss
 61971 | Depths:2 | Noticed a titan
 61980 | Depths:2 | Killed a titan
 62301 | Depths:3 | Reached XP level 26. HP: 138/180 MP: 33/33
 62311 | Depths:3 | Found a one-way gate leading to the halls of Pandemonium.
 62939 | Depths:3 | Noticed a greater mummy
 62954 | Depths:3 | Killed a greater mummy
 63761 | Depths:4 | Found a roughly hewn altar of Beogh.
 63981 | Depths:4 | Reached skill level 23 in Fighting
 64556 | Depths:5 | Entered Level 5 of the Depths
 64660 | Depths:5 | Found a gateway to a ziggurat.
 64811 | Depths:5 | Found a gate to the Realm of Zot.
 64898 | Depths:5 | Found a burning altar of Makhleb.
 64899 | Depths:5 | Found a blossoming altar of Fedhas.
 64899 | Depths:5 | Found a deep blue altar of Sif Muna.
 65149 | Depths:5 | Noticed Boris
 65157 | Depths:5 | Killed Boris
 65201 | Depths:5 | Reached XP level 27. HP: 151/188 MP: 33/33
 65252 | Depths:5 | Noticed an ancient lich
 65278 | Depths:5 | Killed an ancient lich
 65317 | Depths:5 | Identified a +2 rod of shadows (12/12) (You found it on level 5 of the Depths)
 66771 | D:12     | Bought a hardcover book for 390 gold pieces
 66774 | D:12     | Bought a yellowed book for 390 gold pieces
 66774 | D:12     | Identified the Disquisition on the Volcanoes (You bought it in a shop on level 12 of the Dungeon)
 67128 | Orc:4    | Bought a scroll of immolation for 45 gold pieces
 68531 | Temple   | Identified a +9 broad axe of holy wrath (a +9 broad axe blessed by the Shining One)
 69008 | Slime:2  | Gained mutation: Your magical capacity is low (-10% MP). [a shining eye]
 69010 | Slime:2  | Gained mutation: Your body sometimes deteriorates upon taking damage. [a shining eye]
 69012 | Slime:2  | Gained mutation: You are clumsy. (Dex -2) [a shining eye]
 69017 | Slime:2  | Gained mutation: You are dopey. (Int -2) [a shining eye]
 69023 | Slime:1  | Lost mutation: Your body sometimes deteriorates upon taking damage. [potion of cure mutation]
 69023 | Slime:1  | Lost mutation: You are clumsy. (Dex -2) [potion of cure mutation]
 69023 | Slime:1  | Lost mutation: Your magical capacity is low (-10% MP). [potion of cure mutation]
 69023 | Slime:1  | Lost mutation: You are dopey. (Int -2) [potion of cure mutation]
 69259 | Slime:6  | Entered Level 6 of the Pits of Slime
 69288 | Slime:6  | Noticed the royal jelly
 69303 | Slime:6  | Found a viscous altar of Jiyva.
 69334 | Slime:6  | your royal jelly (ally) was killed
 69334 | Slime:6  | your royal jelly (ally) was killed
 69353 | Slime:6  | Killed the royal jelly
 69396 | Slime:6  | Identified the Compendium of Calling and Changing
 69413 | Slime:6  | Got an ebony long sword
 69453 | Slime:6  | Identified the +7 long sword "Xedas" {venom, rC- Dex+6} (You found it on level 6 of the Pits of Slime)
 69471 | Slime:6  | Got a slimy rune of Zot
 69623 | Lair:6   | Reached skill level 24 in Fighting
 71418 | Crypt:1  | Entered Level 1 of the Crypt
 71419 | Crypt:1  | Noticed Xtahua
 71429 | Crypt:1  | Killed Xtahua
 72108 | Crypt:1  | Identified a +5 rod of the swarm (10/10) (You found it on level 1 of the Crypt)
 72308 | Crypt:2  | Noticed Khufu
 72321 | Crypt:2  | Killed Khufu
 72559 | Crypt:2  | Noticed Margery
 72574 | Crypt:2  | Killed Margery
 72869 | Crypt:2  | Noticed Mara
 72871 | Crypt:2  | Noticed LightningNZ's illusion
 72897 | Crypt:2  | Killed Mara
 73182 | Crypt:3  | Entered Level 3 of the Crypt
 73223 | Crypt:3  | Paralysed by a vampire knight for 6 turns
 73251 | Crypt:3  | Found a staircase to the Tomb.
 73372 | Crypt:3  | Paralysed by a sphinx for 2 turns
 73642 | Crypt:3  | Got a warped falchion
 73643 | Crypt:3  | Identified the +8 falchion of the Desert {antimagic, *Noise rElec rC+ Stlth+} (You found it on level 3 of the Crypt)
 74677 | Tomb:1   | Entered Level 1 of the Tomb of the Ancients
 74840 | Tomb:1   | Paralysed by a sphinx for 5 turns
 75327 | Tomb:2   | Noticed an ancient lich
 75328 | Tomb:2   | Noticed an ancient lich
 75329 | Tomb:2   | Reached skill level 15 in Evocations
 75329 | Tomb:2   | Killed an ancient lich
 75351 | Tomb:2   | Noticed Frederick
 75354 | Tomb:2   | Killed an ancient lich
 75361 | Tomb:2   | Killed Frederick
 75487 | Tomb:2   | Reached skill level 25 in Fighting
 76279 | Tomb:1   | Gained mutation: You tend to lose your temper in combat. [a neqoxec]
 76873 | Tomb:3   | Entered Level 3 of the Tomb of the Ancients
 77569 | Tomb:3   | Upgraded the game from 0.17-a0-1337-ge651487 to 0.17-a0-1360-g37db002
 77606 | Tomb:3   | Got a sparkling golden ring
 77608 | Tomb:3   | Identified the ring "Suth" {rC+ Int+3 Dex-5 Slay+2 SInv} (You found it on level 3 of the Tomb of the Ancients)
 77627 | Tomb:3   | Got a bloodstained broad axe
 77628 | Tomb:3   | Identified the +8 broad axe "Ziqeo" {chop, +Fly rN++ Str+4} (You found it on level 3 of the Tomb of the Ancients)
 77663 | Tomb:3   | Got a pitted jade ring
 77665 | Tomb:3   | Identified the ring of Qupol {rC+ Int+2} (You found it on level 3 of the Tomb of the Ancients)
 77762 | Tomb:3   | Got a fine ivory amulet
 77764 | Tomb:3   | Identified the amulet "Wenyrph" {Ward +Fly rF+ rN+ Int-5 Stlth+} (You found it on level 3 of the Tomb of the Ancients)
 77804 | Tomb:3   | Identified the Handbook of Combat Magic (You found it on level 3 of the Tomb of the Ancients)
 77809 | Tomb:3   | Got a crude scimitar
 77810 | Tomb:3   | Identified the +9 scimitar of the Lonely Runes {antimagic, rN+ Str+3 Dex+2} (You found it on level 3 of the Tomb of the Ancients)
 77820 | Tomb:3   | Got an ichor-stained hand axe
 77821 | Tomb:3   | Identified the +5 hand axe of Dim Light {chop, MR+} (You found it on level 3 of the Tomb of the Ancients)
 77825 | Tomb:3   | Got a faintly glowing flail
 77826 | Tomb:3   | Identified the +11 flail of the Asp {venom, *Corrode Str+4 Int+2 Stlth+} (You found it on level 3 of the Tomb of the Ancients)
 78114 | Tomb:3   | Got a wavering granite ring
 78116 | Tomb:3   | Identified the ring of Heopt {rF+++ MP+9 Int+2 Dex-3} (You found it on level 3 of the Tomb of the Ancients)
 78187 | Tomb:3   | Noticed Sojobo
 78211 | Tomb:3   | Killed Sojobo
 78293 | Tomb:3   | Got a golden rune of Zot
 80063 | Vaults:1 | Reached skill level 15 in Invocations
 80730 | Depths:1 | Voluntarily entered the Abyss.
 80960 | Abyss:1  | Reached skill level 26 in Fighting
 81714 | Abyss:1  | Noticed an ancient lich
 81720 | Abyss:1  | Killed an ancient lich
 82266 | Abyss:1  | Paralysed by you for 3 turns
 84105 | Abyss:1  | Found a corrupted altar of Lugonu.
 84122 | Abyss:1  | Found a corrupted altar of Lugonu.
 84174 | Abyss:1  | Found a corrupted altar of Lugonu.
 84272 | Abyss:1  | Noticed an ancient lich
 84280 | Abyss:1  | Killed an ancient lich
 84347 | Abyss:1  | Paralysed by you for 2 turns
 84707 | Abyss:1  | Paralysed by you for 5 turns
 84960 | Abyss:1  | Found a deep blue altar of Sif Muna.
 85621 | Abyss:1  | Reached skill level 15 in Dodging
 85670 | Abyss:1  | Gained mutation: You have supernaturally acute eyesight. [a neqoxec]
 86134 | Abyss:1  | Paralysed by accursed screaming for 1 turns
 86142 | Abyss:1  | Paralysed by accursed screaming for 2 turns
 86250 | Abyss:1  | Gained mutation: You are occasionally teleported to nearby monsters. [a neqoxec]
 86361 | Abyss:1  | Paralysed by accursed screaming for 1 turns
 87321 | Abyss:1  | Found a corrupted altar of Lugonu.
 87950 | Abyss:1  | Found a deep blue altar of Sif Muna.
 88270 | Abyss:1  | Noticed an ancient lich
 88274 | Abyss:1  | Killed an ancient lich
 88320 | Abyss:1  | Found a corrupted altar of Lugonu.
 88673 | Abyss:1  | Reached skill level 27 in Fighting
 88757 | Abyss:1  | Gained mutation: You are clumsy. (Dex -2) [a neqoxec]
 89237 | Abyss:3  | Got an abyssal rune of Zot
 89272 | Abyss:3  | Found a sparkling altar of Nemelex Xobeh.
 89638 | Depths:1 | Escaped the Abyss
 89642 | Depths:1 | Lost mutation: You are clumsy. (Dex -2) [potion of cure mutation]
 89642 | Depths:1 | Lost mutation: You tend to lose your temper in combat. [potion of cure mutation]
 89642 | Depths:1 | Lost mutation: You are occasionally teleported to nearby monsters. [potion of cure mutation]
 89642 | Depths:1 | Lost mutation: You have supernaturally acute eyesight. [potion of cure mutation]
 89892 | Depths:2 | Bought 5 beef jerkies for 75 gold pieces
 89892 | Depths:2 | Bought 5 beef jerkies for 75 gold pieces
 89892 | Depths:2 | Bought 5 beef jerkies for 75 gold pieces
 89892 | Depths:2 | Bought 5 beef jerkies for 75 gold pieces
 89892 | Depths:2 | Bought 5 beef jerkies for 75 gold pieces
 89892 | Depths:2 | Bought 5 beef jerkies for 75 gold pieces
 89892 | Depths:2 | Bought 5 beef jerkies for 75 gold pieces
 89892 | Depths:2 | Bought 5 beef jerkies for 75 gold pieces
 89892 | Depths:2 | Bought 5 beef jerkies for 75 gold pieces
 89892 | Depths:2 | Bought 5 beef jerkies for 75 gold pieces
 90284 | Zot:1    | Entered Level 1 of the Realm of Zot
 90316 | Zot:1    | Reached skill level 5 in Throwing
 93261 | Zot:3    | Found a basalt altar of Yredelemnul.
 93266 | Zot:3    | Found a basalt altar of Yredelemnul.
 93283 | Zot:3    | Found a shattered altar of Ashenzari.
 93387 | Zot:4    | Paralysed by a Zot trap for 5 turns
 93687 | Zot:4    | Gained mutation: Your muscles are strong. (Str +2) [potion of beneficial mutation]
 94476 | Hell     | Entered the Vestibule of Hell
 94476 | Hell     | Noticed Geryon
 94498 | Hell     | Killed Geryon
 94535 | Hell     | Found a gateway to the ashen valley of Gehenna.
 94602 | Hell     | Noticed Murray
 94614 | Hell     | Killed Murray
 94651 | Hell     | Found a gateway to the Iron City of Dis.
 94711 | Hell     | Found a gateway to the freezing wastes of Cocytus.
 94772 | Hell     | Noticed an ancient lich
 94811 | Hell     | Killed an ancient lich
 94902 | Hell     | Found a gateway to the decaying netherworld of Tartarus.
 95116 | Dis:1    | Entered Level 1 of the Iron City of Dis
 97428 | Dis:5    | Reached skill level 27 in Axes
 98247 | Dis:7    | Entered Level 7 of the Iron City of Dis
 98629 | Dis:7    | Gained mutation: Your spells are a little harder to cast, but a little more powerful. [a cacodemon]
 98930 | Dis:7    | Got a fine war axe
 98931 | Dis:7    | Identified the +4 war axe of Unreason {chop, rC+} (You found it on level 7 of the Iron City of Dis)
 99044 | Dis:7    | Gained mutation: Your body sometimes deteriorates upon taking damage. [a cacodemon]
 99619 | Dis:7    | Gained mutation: You are occasionally teleported to nearby monsters. [a cacodemon]
 99837 | Dis:7    | Noticed Dispater
 99859 | Dis:7    | Killed Dispater
 99909 | Dis:7    | Identified the Compendium of Confrontation (You found it on level 7 of the Iron City of Dis)
 99913 | Dis:7    | Got an iron rune of Zot
100154 | Tar:1    | Entered Level 1 of Tartarus
103716 | Tar:7    | Entered Level 7 of Tartarus
104704 | Tar:7    | Noticed Ereshkigal
104732 | Tar:7    | Killed Ereshkigal
104863 | Tar:7    | Noticed the Serpent of Hell
104876 | Tar:7    | Killed the Serpent of Hell
104920 | Tar:7    | Got a bone rune of Zot
104922 | Tar:7    | Got a sparkling amber ring
104923 | Tar:7    | Identified the ring "Cuepn" {Fire rN++ Dex+4} (You found it on level 7 of Tartarus)
104926 | Tar:7    | Got a translucent bronze ring
104927 | Tar:7    | Identified the ring "Dirrajeyss" {rC+ Int+3 Dex+4} (You found it on level 7 of Tartarus)
105282 | Tar:7    | Identified the Handbook of Good Luck (You found it on level 7 of Tartarus)
105858 | Geh:1    | Entered Level 1 of Gehenna
107565 | Geh:4    | Reached skill level 27 in Shields
108355 | Geh:6    | Upgraded the game from 0.17-a0-1360-g37db002 to 0.17-a0-1368-g6ab37f2
108374 | Geh:7    | Entered Level 7 of Gehenna
108645 | Geh:7    | Noticed Asmodeus
108667 | Geh:7    | Killed Asmodeus
108754 | Geh:7    | Got an obsidian rune of Zot
109561 | Coc:1    | Entered Level 1 of Cocytus
113817 | Coc:7    | Entered Level 7 of Cocytus
114054 | Coc:7    | Noticed jimeh's ghost (legendary DsWz)
114071 | Coc:7    | Killed jimeh's ghost
114316 | Coc:7    | Noticed Antaeus
114337 | Coc:7    | Killed Antaeus
114421 | Coc:7    | Got an icy rune of Zot
114620 | Zig:1    | Entered Level 1 of a ziggurat
114638 | Zig:2    | Entered Level 2 of a ziggurat
114669 | Zig:3    | Entered Level 3 of a ziggurat
114722 | Zig:4    | Entered Level 4 of a ziggurat
114757 | Zig:5    | Entered Level 5 of a ziggurat
114811 | Zig:6    | Entered Level 6 of a ziggurat
114836 | Zig:6    | Identified a +4 rod of destruction (13/13) (You found it on level 6 of a ziggurat)
114854 | Zig:7    | Entered Level 7 of a ziggurat
114945 | Zig:7    | Got a shimmering lead amulet
114946 | Zig:7    | Identified the amulet of the King {Faith rElec rC+ Int+6 Dex-2} (You found it on level 7 of a ziggurat)
114950 | Zig:7    | Got a steaming tin amulet
114951 | Zig:7    | Identified the amulet of the Voivode {rMut rPois Str+4} (You found it on level 7 of a ziggurat)
114960 | Zig:7    | Got a glittering bone ring
114961 | Zig:7    | Identified the ring "Morruf" {rF+ Stlth+} (You found it on level 7 of a ziggurat)
114966 | Zig:8    | Entered Level 8 of a ziggurat
115040 | Zig:8    | Got a crude morningstar
115044 | Zig:9    | Entered Level 9 of a ziggurat
115117 | Zig:10   | Entered Level 10 of a ziggurat
115200 | Zig:10   | Got a jewelled war axe
115201 | Zig:10   | Identified the +7 war axe of Vanity {holy, *Rage rF+ Dex+6} (You found it on level 10 of a ziggurat)
115205 | Zig:10   | Identified Kouvuv's Arcane Secrets of Witchery
115209 | Zig:10   | Gained mutation: Your mind is acute. (Int +2) [potion of beneficial mutation]
115216 | Zig:10   | Identified the Grimoire of Execration and Ignition
115229 | Zig:11   | Entered Level 11 of a ziggurat
115332 | Zig:11   | Got a pitted lajatang
115333 | Zig:11   | Identified the +9 lajatang of Agony {drain, MR+} (You found it on level 11 of a ziggurat)
115371 | Zig:12   | Entered Level 12 of a ziggurat
115460 | Zig:12   | Identified the Disquisition on the Traveller and Companions
115474 | Zig:13   | Entered Level 13 of a ziggurat
115499 | Zig:13   | Reached skill level 27 in Armour
115626 | Zig:13   | Identified Meetwemn's Tome of Dark Rites and Transmutation
115643 | Zig:14   | Entered Level 14 of a ziggurat
115665 | Zig:14   | Reached skill level 10 in Throwing
115766 | Zig:15   | Entered Level 15 of a ziggurat
115840 | Zig:15   | Identified a +4 rod of destruction (13/13) (You found it on level 15 of a ziggurat)
115849 | Zig:15   | Gained mutation: Your flesh is heat resistant. [potion of beneficial mutation]
115853 | Zig:15   | Got a vibrating steel ring
115854 | Zig:15   | Identified the ring "Igriecoh" {Fire Int+4} (You found it on level 15 of a ziggurat)
115865 | Zig:16   | Entered Level 16 of a ziggurat
115875 | Zig:16   | Noticed Mufyg the pandemonium lord
115875 | Zig:16   | Noticed Epteol the pandemonium lord
115875 | Zig:16   | Noticed Zowizoyrgh the pandemonium lord
115883 | Zig:16   | Noticed Wil Rimm the pandemonium lord
115893 | Zig:16   | Killed Epteol the pandemonium lord
115894 | Zig:16   | Killed Zowizoyrgh the pandemonium lord
115899 | Zig:16   | Killed Mufyg the pandemonium lord
115913 | Zig:16   | Killed Wil Rimm the pandemonium lord
115943 | Zig:16   | Got a faintly glowing jade ring
115944 | Zig:16   | Identified the ring of Emilylu {rN+ Str+2} (You found it on level 16 of a ziggurat)
115982 | Zig:17   | Entered Level 17 of a ziggurat
115986 | Zig:17   | Noticed Sixotanaka's ghost (legendary TeAE)
115986 | Zig:17   | Paralysed by a giant eyeball for 3 turns
116000 | Zig:17   | Killed Sixotanaka's ghost
116000 | Zig:17   | Paralysed by a giant eyeball for 3 turns
116058 | Zig:17   | Paralysed by a giant eyeball for 4 turns
116074 | Zig:17   | Paralysed by a giant eyeball for 2 turns
116101 | Zig:17   | Identified Fadwoffo's Compendium of Stolen Souls and Companions
116109 | Zig:17   | Identified Asmodeus's Almanac of Summoning
116212 | Zig:18   | Entered Level 18 of a ziggurat
116346 | Zig:18   | Got a scintillating granite ring
116347 | Zig:18   | Identified the ring "Qameocoz" {rElec MP+9 EV+3} (You found it on level 18 of a ziggurat)
116387 | Zig:19   | Entered Level 19 of a ziggurat
116502 | Zig:19   | Got a steaming executioner's axe
116503 | Zig:19   | Identified the cursed +2 executioner's axe "Akigam" {chop, rF+ MR++ Int+6} (You found it on level 19 of a ziggurat)
116540 | Zig:20   | Entered Level 20 of a ziggurat
116619 | Zig:20   | Got a crystal scimitar
116620 | Zig:20   | Identified the cursed +1 scimitar of Somewhere Else {slice, rC+ MP+9 Stlth+} (You found it on level 20 of a ziggurat)
116629 | Zig:20   | Got a translucent war axe
116630 | Zig:20   | Identified the +3 war axe of the Moon {chop, -Tele rC+ Str+6} (You found it on level 20 of a ziggurat)
116636 | Zig:20   | Got a spiked crystal plate armour
116647 | Zig:20   | Identified the +0 crystal plate armour of Greed {rElec rPois MR+++ Slay+3} (You found it on level 20 of a ziggurat)
116674 | Zig:20   | Got an ichor-stained shield
116685 | Zig:20   | Identified the +1 shield "Iligohid" {-Cast rElec Regen+ Int-2} (You found it on level 20 of a ziggurat)
116720 | Zig:21   | Entered Level 21 of a ziggurat
116945 | Zig:21   | Gained mutation: Your spells are harder to cast, but more powerful. [potion of beneficial mutation]
116950 | Zig:21   | Got a translucent plate armour
116961 | Zig:21   | Identified the +3 plate armour of Philately {Regen+ Dex+3} (You found it on level 21 of a ziggurat)
117010 | Zig:21   | Identified the Incunabulum of Evil and Self-Knowledge
117027 | Zig:22   | Entered Level 22 of a ziggurat
117040 | Zig:22   | Noticed Zafeunes the pandemonium lord
117041 | Zig:22   | Noticed Itizom the pandemonium lord
117042 | Zig:22   | Noticed Qiqasaci the pandemonium lord
117044 | Zig:22   | Noticed Elat Gam the pandemonium lord
117046 | Zig:22   | Noticed Caur Pud the pandemonium lord
117047 | Zig:22   | Noticed Yshij the pandemonium lord
117050 | Zig:22   | Killed Qiqasaci the pandemonium lord
117056 | Zig:22   | Noticed Quatzer the pandemonium lord
117056 | Zig:22   | Killed Elat Gam the pandemonium lord
117059 | Zig:22   | Killed Itizom the pandemonium lord
117064 | Zig:22   | Killed Caur Pud the pandemonium lord
117066 | Zig:22   | Killed Yshij the pandemonium lord
117071 | Zig:22   | Killed Quatzer the pandemonium lord
117077 | Zig:22   | Killed Zafeunes the pandemonium lord
117150 | Zig:22   | Got a faintly glowing bone amulet
117151 | Zig:22   | Identified the amulet "Qaawky" {Ward rElec rN+ Str+6} (You found it on level 22 of a ziggurat)
117169 | Zig:22   | Got a fine iron ring
117170 | Zig:22   | Identified the ring of Cheibriados's Delight {-Tele Int+3 Dex+2 SInv} (You found it on level 22 of a ziggurat)
117175 | Zig:22   | Got a crude war axe
117176 | Zig:22   | Identified the +8 war axe of a treasure trove {speed, Dex+3} (You found it on level 22 of a ziggurat)
117183 | Zig:22   | Got a scintillating copper ring
117184 | Zig:22   | Identified the ring of Bociesow {Fire rElec rPois MR- Int+3 Dex+4} (You found it on level 22 of a ziggurat)
117191 | Zig:22   | Gained mutation: You have sharp fingernails. [potion of beneficial mutation]
117204 | Zig:23   | Entered Level 23 of a ziggurat
117214 | Zig:23   | Noticed Gebyerih the pandemonium lord
117215 | Zig:23   | Noticed Tonungep the pandemonium lord
117217 | Zig:23   | Noticed Yczey the pandemonium lord
117217 | Zig:23   | Noticed Iseewiunwo the pandemonium lord
117217 | Zig:23   | Noticed Ufuru the pandemonium lord
117217 | Zig:23   | Noticed Iqaneol the pandemonium lord
117217 | Zig:23   | Noticed Gaudeog the pandemonium lord
117217 | Zig:23   | Noticed Wuv Nafu the pandemonium lord
117218 | Zig:23   | Noticed Zoesil the pandemonium lord
117221 | Zig:23   | Noticed Kevy the pandemonium lord
117222 | Zig:23   | Killed Gebyerih the pandemonium lord
117225 | Zig:23   | Noticed Kutimid the pandemonium lord
117227 | Zig:23   | Noticed Teptomm the pandemonium lord
117232 | Zig:23   | Noticed Riaf the pandemonium lord
117236 | Zig:23   | Killed Yczey the pandemonium lord
117236 | Zig:23   | Killed Kevy the pandemonium lord
117236 | Zig:23   | Killed Iqaneol the pandemonium lord
117236 | Zig:23   | Killed Gaudeog the pandemonium lord
117236 | Zig:23   | Paralysed by a giant eyeball for 3 turns
117238 | Zig:23   | Noticed Inack the pandemonium lord
117240 | Zig:23   | Killed Zoesil the pandemonium lord
117243 | Zig:23   | Killed Wuv Nafu the pandemonium lord
117253 | Zig:23   | Cast into the Abyss (Tonungep)
117312 | Zig:23   | Escaped the Abyss
117314 | Zig:23   | Killed Tonungep the pandemonium lord
117317 | Zig:23   | Killed Teptomm the pandemonium lord
117319 | Zig:23   | Killed Iseewiunwo the pandemonium lord
117325 | Zig:23   | Paralysed by a giant eyeball for 3 turns
117336 | Zig:23   | Paralysed by a giant eyeball for 2 turns
117345 | Zig:23   | Killed Riaf the pandemonium lord
117347 | Zig:23   | Killed Inack the pandemonium lord
117350 | Zig:23   | Paralysed by a giant eyeball for 4 turns
117382 | Zig:23   | Killed Ufuru the pandemonium lord
117388 | Zig:23   | Paralysed by a giant eyeball for 3 turns
117400 | Zig:23   | Killed Kutimid the pandemonium lord
117466 | Zig:23   | Got a brightly glowing amber ring
117467 | Zig:23   | Identified the cursed ring "Illemneg" {*Drain rN++ Dex-6} (You found it on level 23 of a ziggurat)
117474 | Zig:23   | Got a crystal flail
117477 | Zig:23   | Got a heavily runed pewter ring
117478 | Zig:23   | Identified the ring "Loopt" {rN++ Int+2 Dex+2} (You found it on level 23 of a ziggurat)
117489 | Zig:23   | Got a clouded iron ring
117490 | Zig:23   | Identified the cursed ring of Erubb {rF+ MR+ Int-2 Dex-3} (You found it on level 23 of a ziggurat)
117625 | Zig:24   | Entered Level 24 of a ziggurat
117683 | Zig:24   | Reached skill level 5 in Spellcasting
117686 | Zig:24   | Reached skill level 27 in Invocations
117754 | Zig:24   | Identified Xostrokk's Compendium of Black Arts and Transformation
117801 | Zig:25   | Entered Level 25 of a ziggurat
117882 | Zig:25   | Identified the Incunabulum of the Oath
117896 | Zig:25   | Identified Iskenderun's Grimoire of Confrontation
117965 | Zig:26   | Entered Level 26 of a ziggurat
117987 | Zig:26   | Was placed under penance by the Shining One
118019 | Zig:26   | Reached skill level 15 in Throwing
118208 | Zig:26   | Got a warped wooden ring
118210 | Zig:26   | Identified the ring of Dimazace {Fire rElec} (You found it on level 26 of a ziggurat)
118215 | Zig:26   | Got a warped bronze ring
118216 | Zig:26   | Identified the ring of the Moon {rElec rN+ Str+5} (You found it on level 26 of a ziggurat)
118251 | Zig:27   | Entered Level 27 of a ziggurat
118322 | Zig:27   | Reached skill level 10 in Spellcasting
118560 | Zig:27   | Identified the Compendium of the Escort and Stolen Souls (You found it on level 27 of a ziggurat)
118572 | Zig:27   | Identified the Compendium of Augmentations
119416 | Dis:1    | Lost mutation: Your muscles are strong. (Str +2) [mutagenic glow]
119476 | Dis:1    | Was forgiven by the Shining One
122960 | D:11     | You paid a toll of a wand of hasting (9) to enter a treasure trove
122961 | Trove    | Entered a treasure trove
122970 | Trove    | Got a bound copper ring
122971 | Trove    | Identified the ring of Equivalence {Str+2 Dex+5} (You found it in a treasure trove)
122974 | Trove    | Got a slimy pewter ring
122975 | Trove    | Identified the ring of Xoremp {+/*Tele *Corrode rN+++ MP-9 Dex+2} (You found it in a treasure trove)
122978 | Trove    | Got a fine silver ring
122979 | Trove    | Identified the ring of Badwoig {Wiz rPois rN+} (You found it in a treasure trove)
122982 | Trove    | Got a crude tin amulet
122983 | Trove    | Identified the amulet "Tecicoer" {Clar *Corrode rF- rC+++ Dex+2} (You found it in a treasure trove)
122999 | Trove    | Got a transparent bronze ring
123001 | Trove    | Identified the ring of Qecoedotom {+/*Tele MR++ MP+9 Int+2 Dex+4} (You found it in a treasure trove)
123006 | Trove    | Got a warped graven amulet
123007 | Trove    | Identified the amulet "Izoroun" {Faith Str+2} (You found it in a treasure trove)
123011 | Trove    | Got a glittering steel ring
123013 | Trove    | Identified the ring of Tetu {SustAt Str+4 Dex-3} (You found it in a treasure trove)
124342 | Shoals:1 | Bought a bread ration for 50 gold pieces
124342 | Shoals:1 | Bought a bread ration for 50 gold pieces
124342 | Shoals:1 | Bought a beef jerky for 15 gold pieces
124342 | Shoals:1 | Bought 5 fruits for 75 gold pieces
124342 | Shoals:1 | Bought a meat ration for 50 gold pieces
124342 | Shoals:1 | Bought a meat ration for 50 gold pieces
124342 | Shoals:1 | Bought 3 fruits for 45 gold pieces
124342 | Shoals:1 | Bought a meat ration for 50 gold pieces
124342 | Shoals:1 | Bought a bread ration for 50 gold pieces
124342 | Shoals:1 | Bought a meat ration for 50 gold pieces
124342 | Shoals:1 | Bought a beef jerky for 15 gold pieces
125351 | Orc:1    | Bought 2 scrolls of teleportation for 72 gold pieces
125351 | Orc:1    | Bought a scroll of teleportation for 36 gold pieces
125591 | Orc:4    | Bought a scroll of identify for 26 gold pieces
125790 | Elf:2    | Bought a meat ration for 60 gold pieces
125790 | Elf:2    | Bought a bread ration for 60 gold pieces
125790 | Elf:2    | Bought a bread ration for 60 gold pieces
125790 | Elf:2    | Bought a slice of pizza for 18 gold pieces
125790 | Elf:2    | Bought a meat ration for 60 gold pieces
125790 | Elf:2    | Bought a bread ration for 60 gold pieces
125790 | Elf:2    | Bought a meat ration for 60 gold pieces
125790 | Elf:2    | Bought a beef jerky for 18 gold pieces
125790 | Elf:2    | Bought a meat ration for 60 gold pieces
125817 | Elf:2    | Bought a slice of pizza for 19 gold pieces
126842 | Vaults:2 | Bought a bread ration for 50 gold pieces
126842 | Vaults:2 | Bought a royal jelly for 20 gold pieces
126842 | Vaults:2 | Bought 3 royal jellies for 60 gold pieces
126842 | Vaults:2 | Bought a slice of pizza for 15 gold pieces
126842 | Vaults:2 | Bought a bread ration for 50 gold pieces
126842 | Vaults:2 | Bought a meat ration for 50 gold pieces
126842 | Vaults:2 | Bought a bread ration for 50 gold pieces
128604 | Crypt:3  | Reached skill level 27 in Dodging
131391 | Depths:3 | Upgraded the game from 0.17-a0-1368-g6ab37f2 to 0.17-a0-1378-g281efdd
131393 | Pan      | Entered Pandemonium
131666 | Pan      | Noticed Wuximaint the pandemonium lord
131678 | Pan      | Killed Wuximaint the pandemonium lord
131778 | Pan      | Found an exit through the horrors of the Abyss.
131835 | Pan      | Found a gateway to a ziggurat.
132106 | Zig:1    | Entered Level 1 of a ziggurat
132131 | Zig:2    | Entered Level 2 of a ziggurat
132168 | Zig:3    | Entered Level 3 of a ziggurat
132170 | Zig:3    | Noticed Pycelec the pandemonium lord
132172 | Zig:3    | Noticed Ipsozoap the pandemonium lord
132183 | Zig:3    | Killed Ipsozoap the pandemonium lord
132187 | Zig:3    | Killed Pycelec the pandemonium lord
132257 | Zig:4    | Entered Level 4 of a ziggurat
132293 | Zig:5    | Entered Level 5 of a ziggurat
132360 | Zig:6    | Entered Level 6 of a ziggurat
132439 | Zig:7    | Entered Level 7 of a ziggurat
132553 | Zig:8    | Entered Level 8 of a ziggurat
132648 | Zig:9    | Entered Level 9 of a ziggurat
132812 | Zig:10   | Entered Level 10 of a ziggurat
132828 | Zig:10   | Reached skill level 27 in Evocations
132902 | Zig:11   | Entered Level 11 of a ziggurat
132976 | Zig:11   | Got an ancient lead ring
132977 | Zig:11   | Identified the ring "Apooc" {+Fly rC+ Str+6} (You found it on level 11 of a ziggurat)
133011 | Zig:11   | Got a pitted plate armour
133027 | Zig:11   | Identified the +1 plate armour "Odekk" {Regen+ Str-2 Int-2 Dex+3} (You found it on level 11 of a ziggurat)
133043 | Zig:12   | Entered Level 12 of a ziggurat
133145 | Zig:12   | Identified Uqudd's Handbook of Flying Conjuration
133161 | Zig:13   | Entered Level 13 of a ziggurat
133183 | Zig:13   | Noticed Bainlau the pandemonium lord
133184 | Zig:13   | Noticed Gage the pandemonium lord
133184 | Zig:13   | Noticed Pojarecw the pandemonium lord
133187 | Zig:13   | Noticed Wuvot the pandemonium lord
133189 | Zig:13   | Noticed Giwymp the pandemonium lord
133191 | Zig:13   | Noticed Qudozuot the pandemonium lord
133193 | Zig:13   | Noticed Yheotioc the pandemonium lord
133197 | Zig:13   | Killed Bainlau the pandemonium lord
133199 | Zig:13   | Killed Giwymp the pandemonium lord
133200 | Zig:13   | Killed Pojarecw the pandemonium lord
133200 | Zig:13   | Reached skill level 5 in Polearms
133202 | Zig:13   | Killed Yheotioc the pandemonium lord
133202 | Zig:13   | Killed Gage the pandemonium lord
133203 | Zig:13   | Killed Wuvot the pandemonium lord
133212 | Zig:13   | Killed Qudozuot the pandemonium lord
133260 | Zig:13   | Identified the Disquisition on Flamy Orientation (You found it on level 13 of a ziggurat)
133321 | Zig:14   | Entered Level 14 of a ziggurat
133364 | Zig:14   | Reached skill level 10 in Polearms
133935 | Pan      | Found a glowing silver altar of Zin.
134108 | Pan      | Lost mutation: Your flesh is heat resistant. [potion of cure mutation]
134108 | Pan      | Lost mutation: Your body sometimes deteriorates upon taking damage. [potion of cure mutation]
134108 | Pan      | Lost mutation: Your spells are harder to cast, but more powerful. [potion of cure mutation]
134108 | Pan      | Lost mutation: Your spells are a little harder to cast, but a little more powerful. [potion of cure mutation]
134108 | Pan      | Lost mutation: You are occasionally teleported to nearby monsters. [potion of cure mutation]
135204 | Pan      | Found a white marble altar of Elyvilon.
135844 | Pan      | Found a glowing golden altar of the Shining One.
135846 | Pan      | Noticed a seraph
135863 | Pan      | Killed a seraph
135876 | Pan      | Got a demonic rune of Zot
135902 | Pan      | Identified the Disquisition on Confrontation
135960 | Pan      | Got a heavily runed silver amulet
135962 | Pan      | Identified the amulet "Zyim" {rCorr rN++ Str-4 Int+4 SInv} (You took it off a daeva in Pandemonium)
135965 | Pan      | Got an ichor-stained plate armour
135981 | Pan      | Identified the +4 plate armour "Dymez" {MP+9 Str+3 Dex+7} (You took it off a daeva in Pandemonium)
136476 | Pan      | Found an exit through the horrors of the Abyss.
136985 | Pan      | Noticed Pottun the pandemonium lord
136994 | Pan      | Killed Pottun the pandemonium lord
137197 | Pan      | Found a runed door.
137269 | Pan      | Noticed Faaful Lydor the pandemonium lord
137277 | Pan      | Killed Faaful Lydor the pandemonium lord
137391 | Pan      | Found an exit through the horrors of the Abyss.
137637 | Pan      | Identified the Handbook of Shifting Cold (You found it in Pandemonium)
138312 | Pan      | Noticed Xoulusuts the pandemonium lord
138336 | Pan      | Killed Xoulusuts the pandemonium lord
138605 | Pan      | Found an exit through the horrors of the Abyss.
138847 | Pan      | Reached skill level 15 in Polearms
139223 | Pan      | Found an exit through the horrors of the Abyss.
139326 | Pan      | Found an exit through the horrors of the Abyss.
139392 | Pan      | Noticed Gasycumi the pandemonium lord
139401 | Pan      | Killed Gasycumi the pandemonium lord
140100 | Pan      | Noticed Boonta the pandemonium lord
140106 | Pan      | Killed Boonta the pandemonium lord
140300 | Pan      | Found an exit through the horrors of the Abyss.
140378 | Pan      | Lost mutation: Your mind is acute. (Int +2) [a neqoxec]
140861 | Pan      | Noticed Coppuh the pandemonium lord
140866 | Pan      | Killed Coppuh the pandemonium lord
141213 | Pan      | Gained mutation: Your body sometimes deteriorates upon taking damage. [a neqoxec]
141270 | Pan      | Found an exit through the horrors of the Abyss.
141386 | Pan      | Found an exit through the horrors of the Abyss.
141428 | Pan      | Identified a +0 rod of clouds (13/13) (You found it in Pandemonium)
141702 | Pan      | Noticed Lyist the pandemonium lord
141718 | Pan      | Killed Lyist the pandemonium lord
141727 | Pan      | Reached skill level 27 in Throwing
142103 | Pan      | Found an exit through the horrors of the Abyss.
142793 | Pan      | Found a huge runed gate.
142800 | Pan      | Noticed Wisyhim the pandemonium lord
142822 | Pan      | Killed Wisyhim the pandemonium lord
143278 | Pan      | Noticed Cosout the pandemonium lord
143285 | Pan      | Killed Cosout the pandemonium lord
143429 | Pan      | Found a gateway to a ziggurat.
143532 | Pan      | Found an exit through the horrors of the Abyss.
143976 | Zig:1    | Entered Level 1 of a ziggurat
144004 | Zig:2    | Entered Level 2 of a ziggurat
144171 | Zig:3    | Entered Level 3 of a ziggurat
144209 | Zig:4    | Entered Level 4 of a ziggurat
144266 | Zig:4    | Got a jewelled plate armour
144277 | Zig:4    | Identified the cursed +1 plate armour of Amelioration {rElec rF+ rN+ Str+4} (You found it on level 4 of a ziggurat)
144304 | Zig:5    | Entered Level 5 of a ziggurat
144408 | Zig:5    | Upgraded the game from 0.17-a0-1378-g281efdd to 0.17-a0-1380-gc4949c2
144541 | Zig:6    | Entered Level 6 of a ziggurat
144662 | Zig:6    | Got a faintly glowing flail
144663 | Zig:6    | Identified the +8 flail "Lynimome" {crush, +Fly rN+} (You found it on level 6 of a ziggurat)
144675 | Zig:7    | Entered Level 7 of a ziggurat
144680 | Zig:7    | Noticed an ancient lich
144696 | Zig:7    | Killed an ancient lich
144743 | Zig:8    | Entered Level 8 of a ziggurat
144835 | Zig:8    | Got a transparent chain mail
144836 | Zig:8    | Identified the +1 chain mail "Kidekhle" {Int+2} (You found it on level 8 of a ziggurat)
144848 | Zig:9    | Entered Level 9 of a ziggurat
144872 | Zig:9    | Reached skill level 5 in Stealth
144941 | Zig:9    | Identified a +5 rod of inaccuracy (13/13) (You found it on level 9 of a ziggurat)
145107 | Pan      | Found a runed door.
145118 | Pan      | Found an exit through the horrors of the Abyss.
145400 | Pan      | Reached skill level 10 in Stealth
145402 | Pan      | Noticed Tunamnekk the pandemonium lord
145407 | Pan      | Killed Tunamnekk the pandemonium lord
146347 | Pan      | Noticed Ceaggofa the pandemonium lord
146354 | Pan      | Killed Ceaggofa the pandemonium lord
146529 | Pan      | Found an exit through the horrors of the Abyss.
146754 | Pan      | Entered the realm of Lom Lobon.
146904 | Pan      | Noticed Lom Lobon
147270 | Pan      | Found an exit through the horrors of the Abyss.
147891 | Pan      | Killed Lom Lobon
147912 | Pan      | Got a magical rune of Zot
148186 | Pan      | Noticed Kiroescha the pandemonium lord
148197 | Pan      | Killed Kiroescha the pandemonium lord
148207 | Pan      | Reached skill level 15 in Stealth
148592 | Pan      | Found an exit through the horrors of the Abyss.
149109 | Pan      | Got a faintly glowing cloak
149120 | Pan      | Identified the +0 cloak of the Morning {+Fly Stlth+} (You found it in Pandemonium)
149159 | Pan      | Got a pair of polished gloves
149170 | Pan      | Identified the +0 pair of gloves of the Old World {rPois rC+ Slay-3 SInv} (You acquired it in Pandemonium)
149178 | Pan      | Got a pair of smoking gloves
149184 | Pan      | Identified the +0 pair of gloves of the Exiled Stars {*Contam rF+ rN+ Slay+4} (You acquired it in Pandemonium)
149344 | Pan      | Found an exit through the horrors of the Abyss.
149754 | Pan      | Noticed Baybaqom the pandemonium lord
149762 | Pan      | Killed Baybaqom the pandemonium lord
149860 | Pan      | Found a gateway to a ziggurat.
150375 | Pan      | Found an exit through the horrors of the Abyss.
150521 | Zig:1    | Entered Level 1 of a ziggurat
150554 | Zig:2    | Entered Level 2 of a ziggurat
150583 | Zig:3    | Entered Level 3 of a ziggurat
150615 | Zig:3    | Identified a +9 rod of the swarm (9/9) (You found it on level 3 of a ziggurat)
150620 | Zig:4    | Entered Level 4 of a ziggurat
150789 | Zig:5    | Entered Level 5 of a ziggurat
150853 | Zig:6    | Entered Level 6 of a ziggurat
151052 | Zig:7    | Entered Level 7 of a ziggurat
151114 | Zig:7    | Got a pair of slimy gloves
151125 | Zig:7    | Identified the +1 pair of gloves of Curiosity {+Blink} (You found it on level 7 of a ziggurat)
151145 | Zig:8    | Entered Level 8 of a ziggurat
151260 | Zig:8    | Got a twitching pewter ring
151262 | Zig:8    | Identified the ring "Gethrous" {MR- Int+4 Dex+2 SInv Stlth-} (You found it on level 8 of a ziggurat)
151289 | Zig:8    | Got a bloodstained large shield
151289 | Zig:8    | Got a pair of distressingly furry gloves
151300 | Zig:8    | Identified the +0 pair of gloves "Iliaczue" {+Fly} (You acquired it on level 8 of a ziggurat)
151321 | Zig:8    | Identified the +3 large shield of Xonic {*Contam rC+ Regen+} (You acquired it on level 8 of a ziggurat)
151327 | Zig:9    | Entered Level 9 of a ziggurat
151386 | Zig:9    | Lost mutation: Your body sometimes deteriorates upon taking damage. [potion of cure mutation]
151386 | Zig:9    | Lost mutation: You have sharp fingernails. [potion of cure mutation]
151396 | Zig:9    | Identified Adut's Volume of the Arsonist
151399 | Zig:9    | Identified Cigotuvi's Volume of Changing and Darkness
151403 | Zig:10   | Entered Level 10 of a ziggurat
151451 | Zig:10   | Got an iridescent morningstar
151452 | Zig:10   | Identified the cursed +0 morningstar "Esmish" {crush, *Contam rF+ rC++} (You found it on level 10 of a ziggurat)
151481 | Zig:11   | Entered Level 11 of a ziggurat
151806 | Zig:12   | Entered Level 12 of a ziggurat
151821 | Zig:12   | Noticed an ancient lich
151839 | Zig:12   | Killed an ancient lich
151885 | Zig:12   | Got a clouded pewter ring
151886 | Zig:12   | Identified the cursed ring "Paorumoxu" {rC+ Int+2 Dex-2 Stlth+} (You found it on level 12 of a ziggurat)
151898 | Zig:12   | Got a vibrating ruby amulet
151899 | Zig:12   | Identified the amulet of Nighonku {Spirit rF+ Str+4} (You found it on level 12 of a ziggurat)
151924 | Zig:13   | Entered Level 13 of a ziggurat
151929 | Zig:13   | Noticed an orb of fire
151930 | Zig:13   | Noticed an orb of fire
151931 | Zig:13   | Noticed an orb of fire
151931 | Zig:13   | Noticed an orb of fire
151932 | Zig:13   | Noticed an orb of fire
151934 | Zig:13   | Noticed an orb of fire
151974 | Zig:13   | Killed an orb of fire
152356 | Pan      | Found an exit through the horrors of the Abyss.
152486 | Pan      | Noticed Omokep the pandemonium lord
152563 | Pan      | Killed Omokep the pandemonium lord
153184 | Pan      | Noticed Fygoul the pandemonium lord
153191 | Pan      | Killed Fygoul the pandemonium lord
153298 | Pan      | Noticed Ignacio
153310 | Pan      | Killed Ignacio
153511 | Pan      | Found an exit through the horrors of the Abyss.
153602 | Pan      | Found an exit through the horrors of the Abyss.
154207 | Pan      | Noticed Xuredoq the pandemonium lord
154215 | Pan      | Killed Xuredoq the pandemonium lord
154601 | Pan      | Entered the realm of Mnoleg.
154730 | Pan      | Found an exit through the horrors of the Abyss.
155049 | Pan      | Noticed Mnoleg
155115 | Pan      | Killed Mnoleg
155133 | Pan      | Got a glowing rune of Zot
155511 | Pan      | Found a gateway to a ziggurat.
155558 | Zig:1    | Entered Level 1 of a ziggurat
155588 | Zig:2    | Entered Level 2 of a ziggurat
155618 | Zig:3    | Entered Level 3 of a ziggurat
155643 | Zig:3    | Identified Kues's Disquisition on Protection and Moulding (You found it on level 3 of a ziggurat)
155653 | Zig:4    | Entered Level 4 of a ziggurat
155681 | Zig:4    | Got a smoking war axe
155682 | Zig:4    | Identified the +8 war axe of Linearity {chop, rN+ Int+6} (You found it on level 4 of a ziggurat)
155693 | Zig:5    | Entered Level 5 of a ziggurat
155795 | Zig:6    | Entered Level 6 of a ziggurat
155873 | Zig:6    | Got an encrusted great sword
155874 | Zig:6    | Identified the +4 great sword of Experimentation {freeze, +Blink Str+6 Int-2} (You found it on level 6 of a ziggurat)
155971 | Zig:7    | Entered Level 7 of a ziggurat
156025 | Zig:7    | Gained mutation: Your mind is acute. (Int +2) [potion of beneficial mutation]
156054 | Zig:8    | Entered Level 8 of a ziggurat
156189 | Zig:8    | Got a pair of faintly humming boots
156200 | Zig:8    | Identified the -3 pair of boots of Iziomon {Int+2 Slay+2} (You found it on level 8 of a ziggurat)
156209 | Zig:8    | Got a shimmering cloak
156220 | Zig:8    | Identified the +2 cloak of Hadjma {Regen+ rCorr} (You found it on level 8 of a ziggurat)
156275 | Zig:9    | Entered Level 9 of a ziggurat
156354 | Zig:9    | Got a slimy jade amulet
156355 | Zig:9    | Identified the amulet of the Enemy {Ward *Drain rN+ MP+9 Str+2 Dex+7} (You found it on level 9 of a ziggurat)
156378 | Zig:10   | Entered Level 10 of a ziggurat
156386 | Zig:10   | Noticed an ancient lich
156417 | Zig:10   | Killed an ancient lich
156417 | Zig:10   | Reached skill level 27 in Polearms
156450 | Zig:10   | Got a heavily runed plate armour
156451 | Zig:10   | Identified the +6 plate armour of a treasure trove {Str+2} (You found it on level 10 of a ziggurat)
156460 | Zig:10   | Gained mutation: You have a pair of small antennae on your head. [potion of beneficial mutation]
156469 | Zig:11   | Entered Level 11 of a ziggurat
156484 | Zig:11   | Reached skill level 27 in Stealth
156548 | Zig:11   | Got a shimmering marble ring
156549 | Zig:11   | Identified the ring "Obiedeig" {*Contam rElec MP+9 Int+10 Dex-5} (You found it on level 11 of a ziggurat)
156558 | Zig:12   | Entered Level 12 of a ziggurat
156580 | Zig:12   | Reached skill level 15 in Spellcasting
156695 | Zig:12   | Got a warped golden ring
156696 | Zig:12   | Identified the cursed ring "Heuzais" {rN+ MR- MP+9 Int+4 Dex-2} (You found it on level 12 of a ziggurat)
156739 | Zig:13   | Entered Level 13 of a ziggurat
156748 | Zig:13   | Noticed Miupome the pandemonium lord
156777 | Zig:13   | Killed Miupome the pandemonium lord
156805 | Zig:13   | Lost mutation: You have a pair of small antennae on your head. [potion of cure mutation]
156805 | Zig:13   | Lost mutation: Your mind is acute. (Int +2) [potion of cure mutation]
156906 | Zig:14   | Entered Level 14 of a ziggurat
157011 | Zig:14   | Got a smelly plate armour
157012 | Zig:14   | Identified the +1 plate armour of Bylang {MR- rCorr Int+4} (You found it on level 14 of a ziggurat)
157025 | Zig:14   | Identified Sif Muna's Disquisition on Earthen Black Magic (You found it on level 14 of a ziggurat)
157086 | Zig:15   | Entered Level 15 of a ziggurat
157094 | Zig:15   | Noticed Counow the pandemonium lord
157094 | Zig:15   | Noticed Aduwint the pandemonium lord
157094 | Zig:15   | Noticed Reuheuk the pandemonium lord
157094 | Zig:15   | Noticed Xiarch Zycw the pandemonium lord
157094 | Zig:15   | Noticed Atagech the pandemonium lord
157100 | Zig:15   | Noticed Daliabb the pandemonium lord
157100 | Zig:15   | Noticed Matz the pandemonium lord
157100 | Zig:15   | Noticed Ownukli the pandemonium lord
157100 | Zig:15   | Noticed Deem the pandemonium lord
157109 | Zig:15   | Noticed Bonuiqe the pandemonium lord
157112 | Zig:15   | Noticed Qouth the pandemonium lord
157114 | Zig:15   | Noticed Xyrauhof the pandemonium lord
157116 | Zig:15   | Killed Aduwint the pandemonium lord
157118 | Zig:15   | Killed Daliabb the pandemonium lord
157118 | Zig:15   | Killed Matz the pandemonium lord
157119 | Zig:15   | Killed Counow the pandemonium lord
157119 | Zig:15   | Killed Atagech the pandemonium lord
157120 | Zig:15   | Killed Reuheuk the pandemonium lord
157125 | Zig:15   | Killed Xiarch Zycw the pandemonium lord
157127 | Zig:15   | Killed Ownukli the pandemonium lord
157137 | Zig:15   | Killed Qouth the pandemonium lord
157152 | Zig:15   | Killed Xyrauhof the pandemonium lord
157152 | Zig:15   | Killed Deem the pandemonium lord
157179 | Zig:15   | Killed Bonuiqe the pandemonium lord
157264 | Zig:15   | Got a crude large shield
157275 | Zig:15   | Identified the +8 large shield of the First Snow {+Blink Int-4 Dex+4 SInv} (You acquired it on level 15 of a ziggurat)
157280 | Zig:15   | Got a transparent cloak
157281 | Zig:15   | Identified the -5 cloak "Dilumiwa" {rElec rC+ Str-2 Slay+3} (You acquired it on level 15 of a ziggurat)
157285 | Zig:15   | Got a pair of slimy boots
157286 | Zig:15   | Identified the -4 pair of boots of the Saviour {rElec Regen+} (You acquired it on level 15 of a ziggurat)
157431 | Pan      | Found an exit through the horrors of the Abyss.
157563 | Pan      | Noticed Dackac the pandemonium lord
157569 | Pan      | Killed Dackac the pandemonium lord
157827 | Pan      | Found an exit through the horrors of the Abyss.
158533 | Pan      | Entered the realm of Gloorx Vloq.
158597 | Pan      | Noticed Gloorx Vloq
158610 | Pan      | Killed Gloorx Vloq
158657 | Pan      | Got a dark rune of Zot
158774 | Pan      | Found an exit through the horrors of the Abyss.
159534 | Pan      | Found a huge runed gate.
159539 | Pan      | Noticed Susotais the pandemonium lord
159553 | Pan      | Killed Susotais the pandemonium lord
159955 | Pan      | Found an exit through the horrors of the Abyss.
160034 | Pan      | Found an exit through the horrors of the Abyss.
160227 | Pan      | Noticed Eporrap the pandemonium lord
160243 | Pan      | Killed Eporrap the pandemonium lord
160669 | Pan      | Entered the realm of Cerebov.
160811 | Pan      | Found an exit through the horrors of the Abyss.
161345 | Pan      | Noticed Cerebov
161384 | Pan      | Killed Cerebov
161393 | Pan      | Got a scorched turquoise ring
161394 | Pan      | Identified the ring "Hent" {rElec rPois rC+ Str-3 Dex+3} (You took it off a balrug in Pandemonium)
161397 | Pan      | Got a wavering steel ring
161398 | Pan      | Identified the ring "Peduacugu" {+Blink +Inv MR- Str+4 Dex+3} (You took it off a balrug in Pandemonium)
161420 | Pan      | Got a fiery rune of Zot
161467 | Pan      | Identified Ofiusk's Volume of Good Luck (You found it in Pandemonium)
161470 | Pan      | Identified the Tome of Bewitchment and the Snowflakes (You found it in Pandemonium)
161488 | Pan      | Identified the Catalogue of the Entourage and Evil (You found it in Pandemonium)
161491 | Pan      | Got a faintly glowing brass ring
161492 | Pan      | Identified the ring "Ygaosasu" {rPois rF+ rN+++ Slay-3} (You found it in Pandemonium)
161495 | Pan      | Identified Sif Muna's Handbook of Cloudy Protection
161499 | Pan      | Got a faintly glowing golden ring
161500 | Pan      | Identified the ring "Xoatrar" {rN+ Stlth-} (You found it in Pandemonium)
161761 | Pan      | Noticed Mazefet the pandemonium lord
161770 | Pan      | Killed Mazefet the pandemonium lord
161826 | Pan      | Found an exit through the horrors of the Abyss.
162376 | Pan      | Found an exit through the horrors of the Abyss.
162526 | Pan      | Noticed Arur the pandemonium lord
162537 | Pan      | Killed Arur the pandemonium lord
162538 | Pan      | Upgraded the game from 0.17-a0-1380-gc4949c2 to 0.17-a0-1384-gaabe8e5
162811 | Pan      | Gained mutation: You are surrounded by a mild repulsion field (EV +2). [potion of beneficial mutation]
162989 | Pan      | Found an exit through the horrors of the Abyss.
163037 | Pan      | Noticed Qiwn the pandemonium lord
163048 | Pan      | Killed Qiwn the pandemonium lord
163723 | Depths:3 | Escaped Pandemonium
164215 | Zot:5    | Entered Level 5 of the Realm of Zot
164716 | Zot:5    | Noticed an ancient lich
164719 | Zot:5    | Killed an ancient lich
164740 | Zot:5    | Noticed an ancient lich
164745 | Zot:5    | Killed an ancient lich
164746 | Zot:5    | Noticed an ancient lich
164753 | Zot:5    | Killed an ancient lich
164781 | Zot:5    | Noticed an orb of fire
164784 | Zot:5    | Noticed an ancient lich
164792 | Zot:5    | Killed an orb of fire
164798 | Zot:5    | Killed an ancient lich
164798 | Zot:5    | Reached skill level 27 in Spellcasting
165006 | Zot:5    | Reached skill level 5 in Unarmed Combat
165017 | Zot:5    | Noticed an orb of fire
165035 | Zot:5    | Killed an orb of fire
165057 | Zot:5    | Noticed an orb of fire
165072 | Zot:5    | Noticed an orb of fire
165080 | Zot:5    | Killed an orb of fire
165081 | Zot:5    | Gained mutation: Your magical capacity is low (-10% MP). [an orb of fire]
165100 | Zot:5    | Killed an orb of fire
165156 | Zot:5    | Reached skill level 10 in Unarmed Combat
165403 | Zot:5    | Got the Orb of Zot
165419 | Zot:5    | Noticed Wecwuo the pandemonium lord
166093 | D:$      | Escaped with the Orb!

Vault maps used:
D:1:      dpeg_arrival_round_a, minmay_misc_feat_plants
D:2:      okawaru_altar_gauntlet_db, uniq_crazy_yiuf_cottage
D:3:      old_standard_altar, uniq_terence
D:4:      nicolae_overflow_crystal_walls, first_bread
D:5:      grunt_temple_overflow_champion_of_chaos, temple_green, uniq_eustachio,
          uniq_sigmund, uniq_edmund
D:6:      grunt_dithmenos_smoke, kennysheep_mini_moat, slow_altar_2,
          basic_altar, serial_undead, serial_undead_a, serial_undead_f,
          serial_undead_b, serial_undead_b, abandoned_shop, uniq_grinder
D:7:      patterned_corridor
D:8:      minmay_curly_fans, old_standard_altar, david_lair_shrubbed,
          hangedman_ranch
D:9:      lemuel_coloured_pillars_altar, grunt_gozag_breadcrumbs, serial_shops,
          shop, shop_fountains, minmay_protected_statue
D:10:     st_stairs_5, minmay_holes, uniq_psyche
D:11:     enter_trove_1
D:12:     zombieorc2_lemuel, enter_bailey_3, serial_shops, shop
D:13:     david_vaults_2, uniq_erolcha, uniq_kirke, uniq_nessos
D:14:     serial_shops, kennysheep_little_box, uniq_azrael
D:15:     grunt_enter_depths_hoard, minmay_misc_feat_tiny, uniq_agnes
Temple:   jpeg_temple_alley_garden_8
Lair:1:   beast_lair_carwin_3, infiniplex_staircase_pool_2, serial_bayou_shore_b
Lair:2:   minmay_lair_oklob_items, serial_bayou, serial_bayou_pond_a,
          serial_bayou_pond_d, serial_bayou_shore_b, serial_bayou_shore_a
Lair:3:   st_stairs_13, minmay_hedge_maze, zaba_anthole
Lair:4:   elwin_shoals_entry_rocks, guppyfry_snake_entry_island, basic_altar,
          st_stairs_13, minivault_26, uniq_rupert
Lair:6:   slime_altar_1, portal_ice_cave_entry_ice_beasts, worms_lemuel
Lair:7:   columned_hall_lemuel
Lair:8:   minmay_lair_end_enchanted_forest, basic_altar,
          lightli_volcano_entry_magma_tube
Shoals:1: serial_shops, nicolae_shop_behind_doors, nicolae_shoals_flooded_hall
Shoals:3: nicolae_shoals_circle_sea_wall, overgrown_hall, uniq_aizul
Shoals:4: serial_shops, nicolae_shop_behind_doors, shoals_end_hangedman,
          shoal_ilsuiw
Snake:1:  serial_shops, shop, grunt_megastairs_1, lemuel_fruit_tree
Snake:2:  serial_bayou_shore_b, uniq_saint_roka
Snake:3:  basic_altar
Snake:4:  snake_pit_salamanders_mu, basic_altar, guppyfry_snake_island
Slime:1:  cheibrodos_slime_lost_civilization_5
Slime:3:  cheibrodos_slime_lost_civilization_6
Orc:1:    serial_shops, shop
Orc:2:    serial_shops, shop_statue,
          nicolae_shop_temple_entry_statues_fountains, nicolae_shop_behind_doors
Orc:3:    basic_altar, nicolae_orc_pool_cavern, uniq_sonja
Orc:4:    st_orc_town
Elf:1:    minmay_elf_crystal_hexagon, dk_noncrumbling_2,
          nicolae_elf_big_sculpture_1, st_stairs_5
Elf:2:    serial_shops, shop, shop
Elf:3:    minmay_elf_hall_circle, grunt_ministairs_10, uniq_asterion
Vaults:1: vaults_mumra_hex, vaults_dpeg_cross, vaults_room_ringed_pool,
          ontoclasm_vaults_chip, nicolae_vaults_sealed_display, sword_in_stone,
          nicolae_vaults_rhombus_7, v_misc_5, vaults_room_grunt_arrival_ludios,
          v_pattern_2, basic_altar, serial_shops, bzr_in_the_mist
Vaults:2: grunt_vaults_trifunnel, v_misc_33, ontoclasm_vaults_shuriken,
          v_misc_30, v_misc_15, ontoclasm_vaults_eye, v_misc_15, v_rooms_4,
          ontoclasm_vaults_ring_square, grunt_vaults_funnel,
          ontoclasm_vaults_twist, serial_shops, shop,
          infiniplex_enter_wizlab_glasses
Vaults:3: v_misc_27, minmay_crypt_entry_skeletal_spiral, vaults_room_large_hall,
          st_more_cells, nicolae_vaults_little_squares_5, v_alt_pattern_3,
          hangedman_vaults_capsules, v_misc_3, v_misc_14,
          vaults_dpeg_encased_lava, vaults_room_corners, serial_shops,
          shop_fountains
Vaults:4: vaults_room_large_hall, v_misc_18, hangedman_vaults_pinch,
          dpeg_vaults_monster_box, vaults_room_grid, v_pattern_3,
          vaults_room_door_hall, ontoclasm_vaults_misaligned,
          ontoclasm_vaults_loading_screen, vaults_dpeg_spiral, v_misc_11,
          vaults_dpeg_ring, serial_shops, bzr_entry_islet
Crypt:1:  statuecave_lemuel, uniq_xtahua
Crypt:2:  grunt_megastairs_3, uniq_khufu, uniq_margery, uniq_mara
Crypt:3:  due_elkab
Tomb:2:   uniq_frederick
Tomb:3:   uniq_sojobo
Depths:1: serial_shops, nicolae_shop_temple_entry_statues_fountains, shop, shop,
          nicolae_shop_window_shopping, hell_entry, abyss_entry,
          hangedman_decor_opposing, hangedman_blasphemy
Depths:2: grated_community_mu, grunt_hell_horde, serial_bayou_pond_d,
          spider_trap
Depths:3: lemuel_minitomb, serial_co_window_serial, co_window_paths_a,
          co_window_corner_a, co_window_paths_a, co_window_paths_a,
          co_window_paths_a, co_window_paths_a, co_window_corner_a,
          co_window_broadway_c, co_window_corner_ca, co_window_paths_c,
          co_window_of_opportunity_b, co_window_broadway_a, co_window_4corner_b,
          grunt_pan_entry_sceptre, pf_hell_entry_tar_river
Depths:4: orc_temple, hell_entry, serial_sigils_hangedman_etch, abyss_entry,
          infiniplex_staircase_zigzag_1, basic_stair_grate_trap
Depths:5: hangedman_slaughterboxes, hell_entry, uniq_boris
Dis:1:    hangedman_iron_city_apartments, hangedman_dis_decor_tower,
          hangedman_dis_decor_blocks_crown
Dis:4:    lemuel_elevator
Dis:5:    grunt_dis_stairs_iron_hall
Dis:7:    dis_st
Geh:5:    lemuel_flamethrower_2
Geh:7:    geh_hangedman
Coc:1:    hangedman_elemental_grid_stream
Coc:2:    nicolae_coc_ice_floe
Coc:7:    coc_dpeg
Tar:3:    grunt_tartarus_stairs_gauntlet_trap
Tar:4:    nicolae_tar_cuneiform_city, nicolae_tar_cuneiform_three
Tar:5:    nicolae_tar_cuneiform_two
Tar:6:    nicolae_tar_cuneiform_water
Tar:7:    tar_minmay_river
Zot:1:    zot_minivault_1
Zot:2:    st_single_dragon_hoard_1, grunt_megastairs_2
Zot:3:    hangedman_moon_palace_of_the_dragon_emperor
Zot:4:    hangedman_zot_vaults_quadrants, zot_minivault_4
Zot:5:    st_stairs_12
Abyss:1:  evilmike_abyss_exit_4
Abyss:3:  guppyfry_abyss_exit_imp_island, evilmike_abyss_exit_16
Pan:      evilmike_mini_pan_diamond, enter_ziggurat_pan_b, evilmike_holy_pan,
          lemuel_hall_of_pain, rand_demon_9, pan_blood_fountain_2,
          evilmike_mini_pan_diamond, nicolae_pan_sigil_obb,
          nicolae_pan_cerebovesque_2, rand_demon_5,
          nicolae_pan_gloorx_vloqian_1, grunt_pan_spiral, pan_blood_fountain,
          rand_demon_1, pan_blood_fountain_small,
          evilmike_mini_pan_possible_glass, evilmike_mini_pan_possible_glass,
          nicolae_pan_sigil_uleosi, nicolae_pan_giant_door,
          evilmike_mini_pan_layers, enter_ziggurat_pan_b, nicolae_pan_sigil_obb,
          nicolae_pan_lom_lobonic_3, rand_demon_9, rand_demon_6,
          lom_lobon_spiral_st, evilmike_mini_pan_3x3, evilmike_mini_pan_pillars,
          evilmike_mini_pan_rooms, enter_ziggurat_pan_d, pan_captured_pigsty,
          rand_demon_6, rand_demon_6, pan_blood_fountain_2, uniq_ignacio,
          pan_blood_fountain_small, nicolae_pan_sigil_uleosi,
          nicolae_pan_door_chamber, nicolae_pan_sigil_itan, mnoleg_st,
          evilmike_mini_pan_layers, pan_blood_fountain, enter_ziggurat_pan_a,
          evilmike_mini_pan_pillars, nicolae_pan_lom_lobonic_4, gloorx_vloq,
          pan_blood_fountain_2, nicolae_pan_lom_lobonic_3,
          nicolae_pan_giant_door, evilmike_mini_pan_branches, cerebov_grunt,
          pan_blood_fountain_small, grunt_pan_in_and_out, pan_blood_fountain,
          pan_disco_hall, grunt_pan_frozen_over
Zig:2:    ziggurat_loot_3
Zig:6:    ziggurat_loot_1
Zig:7:    ziggurat_pillar_centre_dead_trees
Zig:13:   ziggurat_pillar_centre_oklobs
Zig:17:   ziggurat_pillar_centre_c
Zig:19:   ziggurat_pillar_centre_drop
Zig:20:   ziggurat_pillar_centre_more_plants
Zig:26:   ziggurat_pillar_centre_smoke
Bazaar:   bazaar_jpeg_circle_common, bazaar_kb_twisted_cavern
Trove:    trove_jewel_2
Bailey:   bailey_axe_4, bailey
IceCv:    ice_cave_small_demon
Volcano:  volcano_aerie
WizLab:   wizlab_golubria

Action                   |  1- 3 |  4- 6 |  7- 9 | 10-12 | 13-15 | 16-18 | 19-21 | 22-24 | 25-27 || total
-------------------------+-------+-------+-------+-------+-------+-------+-------+-------+-------++-------
Melee: War axe           |   109 |   173 |   510 |  1259 |   125 |     2 |       |       |    74 ||  2252
       Flail             |       |    13 |    84 |    77 |    14 |       |       |       |       ||   188
       Falchion          |       |       |       |     8 |    75 |       |       |       |       ||    83
       Demon blade       |       |       |       |       |  1854 |  1086 |       |       |       ||  2940
       Scimitar          |       |       |       |       |    12 |    29 |       |       |       ||    41
       Unarmed           |       |       |       |       |     3 |       |       |       |       ||     3
       Double sword      |       |       |       |       |       |   714 |  1829 |   722 |       ||  3265
       Broad axe         |       |       |       |       |       |       |       |  1056 | 14987 || 16043
       Lance             |       |       |       |       |       |       |       |       |   188 ||   188
Throw: Tomahawk          |       |     5 |    11 |    11 |    10 |     4 |       |       |       ||    41
       Javelin           |       |       |       |    34 |    33 |    35 |    31 |    20 |   210 ||   363
Invok: Heroism           |       |       |       |     7 |     8 |     3 |     4 |     4 |       ||    26
       Finesse           |       |       |       |     2 |     6 |     3 |     4 |     4 |       ||    19
       Divine Shield     |       |       |       |       |       |       |       |     1 |    50 ||    51
       Cleansing Flame   |       |       |       |       |       |       |       |       |   121 ||   121
       Summon Divine War |       |       |       |       |       |       |       |       |    28 ||    28
 Abil: Fly               |       |       |       |       |     1 |       |       |     2 |    27 ||    30
       Stop Flying       |       |       |       |       |       |     1 |       |     2 |    27 ||    30
Evoke: Wand              |       |       |     2 |    17 |     5 |    10 |     3 |       |   143 ||   180
       Box of beasts     |       |       |       |     2 |       |       |       |       |       ||     2
       Disc of storms    |       |       |       |       |       |     5 |     5 |     6 |    37 ||    53
       Fan of gales      |       |       |       |       |       |     1 |     2 |       |     3 ||     6
       Rod               |       |       |       |       |       |       |       |     2 |       ||     2
       Lamp of fire      |       |       |       |       |       |       |       |       |     7 ||     7
       Stone of tremors  |       |       |       |       |       |       |       |       |     2 ||     2
       Phial of floods   |       |       |       |       |       |       |       |       |     2 ||     2
       Phantom mirror    |       |       |       |       |       |       |       |       |     2 ||     2
  Use: Scroll            |       |     7 |     3 |    14 |    13 |    16 |     8 |    26 |   162 ||   249
       Potion            |       |     1 |       |    14 |     6 |     2 |       |    10 |    89 ||   122
 Stab: Invisible         |     1 |       |       |       |       |       |       |       |       ||     1
       Paralysed         |       |       |    12 |       |       |       |       |       |     1 ||    13
       Distracted        |       |       |       |       |       |       |       |     1 |    17 ||    18
       Petrifying        |       |       |       |       |       |       |       |       |     3 ||     3
       Sleeping          |       |       |       |       |       |       |       |       |     1 ||     1
  Eat: Fruit             |       |     4 |       |    12 |     6 |       |    10 |       |    53 ||    85
       Chunk             |       |     2 |    13 |    11 |    30 |    15 |    16 |    26 |    54 ||   167
       Bread ration      |       |       |       |     1 |       |     3 |     1 |     2 |    13 ||    20
       Beef jerky        |       |       |       |     2 |     4 |     1 |       |     2 |    84 ||    93
       Pizza             |       |       |       |       |     7 |     4 |       |     2 |    15 ||    28
       Royal jelly       |       |       |       |       |       |     1 |       |     2 |    44 ||    47
       Meat ration       |       |       |       |       |       |       |       |       |     4 ||     4
